Workbook

Sheet Índice
A2: Índice
A4: CUADROS RESUMEN
A6: ATR-R1 | B6: Accidentes de trabajo
A8: ACCIDENTES DE TRABAJO CON BAJA, EN JORNADA E IN ITINERE, SEGÚN GRAVEDAD
A10: ATR-R1 | B10: Accidetes de trabajo con baja
A11: ATR-A2.2 | B11: Accidentes en jornada de trabajo: Por sector, sección y división de actividad económica. Total
A12: ATR-A2.2 | B12: Accidentes en jornada de trabajo: Por sector, sección y división de actividad económica. Trabajadores por cuenta propia
A13: ATR-A2.3 | B13: Accidentes en jornada de trabajo: Por sector, sección y división de actividad económica. Asalariados
A14: ATR-A2_II | B14: Accidentes In Intinere: Por sector, sección y división de actividad económica
A15: ATR-A3 | B15: Accidentes en jornada de trabajo: Por sexo y edad del trabajador accidentado
A16: ATR-A3_II | B16: Accidentes In Intinere: Por sexo y edad del trabajador accidentado
A17: ATR-A4 | B17: Accidentes en jornada de trabajo: Por grandes grupos de ocupación
A18: ATR-A4_II | B18: Accidentes In Intinere: Por grandes grupos de ocupación
A19: ATR-A5 | B19: Accidentes en jornada de trabajo: Por tipo de lugar donde se encontraba el trabajador accidentado
A20: ATR-A5_II | B20: Accidentes In Intinere: Por tipo de lugar donde se encontraba el trabajador accidentado
A21: ATR-A6 | B21: Accidentes en jornada de trabajo: Por actividad física específica que desempeñaba el trabajador accidentado
... A36: ATR-A13_II | B36: Accidentes In Intinere según relación laboral del accidentado
A37: ÍNDICES DE INCIDENCIA DE ACCIDENTES DE TRABAJO CON BAJA EN JORNADA
A39: ATR-I2.1 | B39: Por sector y sección de actividad económica. Total
A40: ATR-I2.2 | B40: Por sector y sección de actividad económica. Asalariados
A41: ATR-I2.3 | B41: Por sector y sección de actividad económica. Trabajadores por cuenta propia
A43: ANEXOS
A45: TAS | B45: Clasificación contenida en Orden TAS/2926/2002, de 19 de noviembre
A46: CNAE-09 | B46: Clasificación Nacional de Actividades Económicas
A47: CNO11 | B47: Clasifiocación Nacional de Ocupaciones
A48: FUENTES Y NOTAS EXPLICATIVAS
A50: ATR-FN | B50: Fuentes y notas explicativas

Sheet ATR-R1
A1: ACCIDENTES DE TRABAJO
A3: ATR-A1. ACCIDENTES DE TRABAJO CON BAJA | G3: Volver al índice
A6: enero-octubre 2024
C7: VALORES ABSOLUTOS | E7: VARIACIONES SOBRE IGUAL PERIODO AÑO ANTERIOR
C8: 2023 | D8: 2024 | E8: Absolutas | F8: Relativas en %
A9: ACCIDENTES QUE HAN CAUSADO BAJA EN EL PERIODO DE REFERENCIA (1)
A10: Total | C10: 4277 | D10: =SUM(D11:D12) -> 4087 | E10: =D10-C10 -> -190 | F10: =((D10/C10)-1) -> -0.044423661
B11: En jornada de trabajo | C11: 3868 | D11: ='ATR-A2.1'!F9 -> 3667 | E11: =D11-C11 -> -201 | F11: =((D11/C11)-1) -> -0.05196484
B12: In itinere | C12: 409 | D12: ='ATR-A2_II'!F9 -> 420 | E12: =D12-C12 -> 11 | F12: =((D12/C12)-1) -> 0.026894866
B14: Asalariados | C14: 3601 | D14: ='ATR-A2.2'!F9 -> 3394 | E14: =D14-C14 -> -207 | F14: =((D14/C14)-1) -> -0.057484032
B15: Trabajadores por cuenta propia | C15: 267 | D15: =D11-D14 -> 273 | E15: =D15-C15 -> 6 | F15: =((D15/C15)-1) -> 0.02247191
A17: ACCIDENTES EN JORNADA DE TRABAJO
A18: Gravedad
B19: Leves | C19: 3825 | D19: ='ATR-A2.1'!C9 -> 3642 | E19: =D19-C19 -> -183 | F19: =((D19/C19)-1) -> -0.047843137
B20: Graves | C20: 30 | D20: ='ATR-A2.1'!D9 -> 20 | E20: =D20-C20 -> -10 | F20: =((D20/C20)-1) -> -0.33333333
B21: Mortales | C21: 13 | D21: ='ATR-A2.1'!E9 -> 5 | E21: =D21-C21 -> -8 | F21: =((D21/C21)-1) -> -0.61538462
A23: Sexo
B24: Varones | C24: 2663 | D24: ='ATR-A3'!E23 -> 2566 | E24: =D24-C24 -> -97 | F24: =((D24/C24)-1) -> -0.036425084
B25: Mujeres | C25: 1205 | D25: ='ATR-A3'!E37 -> 1101 | E25: =D25-C25 -> -104 | F25: =((D25/C25)-1) -> -0.086307054
A27: Forma o contacto que produjo la lesión
B28: Sobreesfuerzo físico sobre el sistema musculoesquelético | C28: 1331 | D28: 1283 | E28: =D28-C28 -> -48 | F28: =((D28/C28)-1) -> -0.03606311
B29: Golpe contra un objeto inmóvil, trabajador en movimiento | C29: 954 | D29: 957 | E29: =D29-C29 -> 3 | F29: =((D29/C29)-1) -> 0.0031446541
B30: Choque o golpe contra un objeto en movimiento, colisión con | C30: 704 | D30: 686 | E30: =D30-C30 -> -18 | F30: =((D30/C30)-1) -> -0.025568182
B31: Contacto con agente material cortante, punzante o duro | C31: 430 | D31: 405 | E31: =D31-C31 -> -25 | F31: =((D31/C31)-1) -> -0.058139535
B32: Otras causas | C32: 449 | D32: 336 | E32: =D32-C32 -> -113 | F32: =((D32/C32)-1) -> -0.25167038
A34: Sección de actividad
B35: A - Agricultura, ganadería, silvicultura y pesca | C35: 265 | D35: ='ATR-I2.1'!D18 -> 222 | E35: =D35-C35 -> -43 | F35: =((D35/C35)-1) -> -0.16226415
B36: B - Industrias extractivas | C36: 5 | D36: ='ATR-I2.1'!D19 -> 6 | E36: =D36-C36 -> 1 | F36: =((D36/C36)-1) -> 0.2
B37: C - Industria manufacturera | C37: 1092 | D37: ='ATR-I2.1'!D20 -> 1049 | E37: =D37-C37 -> -43 | F37: =((D37/C37)-1) -> -0.039377289
B38: E - Suministro de agua, saneamiento, gestión residuos | C38: 52 | D38: ='ATR-I2.1'!D22 -> 54 | E38: =D38-C38 -> 2 | F38: =((D38/C38)-1) -> 0.038461538
B39: F - Construcción | C39: 535 | D39: ='ATR-I2.1'!D23 -> 507 | E39: =D39-C39 -> -28 | F39: =((D39/C39)-1) -> -0.052336449
B40: G - Comercio al por junior y menor; reparación de vehículos a motor | C40: 435 | D40: ='ATR-I2.1'!D24 -> 433 | E40: =D40-C40 -> -2 | F40: =((D40/C40)-1) -> -0.0045977011
B41: H - Transporte y almacenamiento | C41: 177 | D41: ='ATR-I2.1'!D25 -> 203 | E41: =D41-C41 -> 26 | F41: =((D41/C41)-1) -> 0.14689266
B42: I - Hostelería | C42: 234 | D42: ='ATR-I2.1'!D26 -> 209 | E42: =D42-C42 -> -25 | F42: =((D42/C42)-1) -> -0.10683761
B43: N - Actividades administrativas y servicios auxiliares | C43: 341 | D43: ='ATR-I2.1'!D31 -> 306 | E43: =D43-C43 -> -35 | F43: =((D43/C43)-1) -> -0.1026393
B44: O - Administración Pública y defensa; Seguridad social obligatoria | C44: 119 | D44: ='ATR-I2.1'!D32 -> 136 | E44: =D44-C44 -> 17 | F44: =((D44/C44)-1) -> 0.14285714
B45: Q - Actividades sanitarias y de servicios sociales | C45: 394 | D45: ='ATR-I2.1'!D34 -> 319 | E45: =D45-C45 -> -75 | F45: =((D45/C45)-1) -> -0.19035533
B46: Resto de secciones de actividad (D, J, K, L, M, P, R, S, T, U) | C46: 219 | D46: =D11-SUM(D35:D45) -> 223 | E46: =D46-C46 -> 4 | F46: =((D46/C46)-1) -> 0.01826484
A48: ÍNDICES DE INCIDENCIA DE ACCIDENTES EN JORNADA DE TRABAJO
A49: Sección de actividad
B50: Total | C50: 294.61453 | D50: ='ATR-I2.1'!I9 -> 273.84309 | E50: =D50-C50 -> -20.771432 | F50: =((D50/C50)-1) -> -0.070503762
B51: A - Agricultura, ganadería, silvicultura y pesca | C51: 367.92269 | D51: ='ATR-I2.1'!I18 -> 299.95946 | E51: =D51-C51 -> -67.96323 | F51: =((D51/C51)-1) -> -0.18472149
B52: B - Industrias extractivas | C52: 414.5937 | D52: ='ATR-I2.1'!I19 -> 517.68766 | E52: =D52-C52 -> 103.09396 | F52: =((D52/C52)-1) -> 0.24866264
B53: C - Industria manufacturera | C53: 431.95006 | D53: ='ATR-I2.1'!I20 -> 417.2849 | E53: =D53-C53 -> -14.665161 | F53: =((D53/C53)-1) -> -0.033951057
B54: E - Suministro de agua, saneamiento, gestión residuos | C54: 458.47293 | D54: ='ATR-I2.1'!I22 -> 458.63768 | E54: =D54-C54 -> 0.16474377 | F54: =((D54/C54)-1) -> 0.00035933151
B55: F - Construcción | C55: 617.19138 | D55: ='ATR-I2.1'!I23 -> 587.17254 | E55: =D55-C55 -> -30.018837 | F55: =((D55/C55)-1) -> -0.04863781
B56: G - Comercio al por junior y menor; reparación de vehículos a motor | C56: 225.40612 | D56: ='ATR-I2.1'!I24 -> 222.6576 | E56: =D56-C56 -> -2.7485238 | F56: =((D56/C56)-1) -> -0.012193652
B57: H - Transporte y almacenamiento | C57: 376.55569 | D57: ='ATR-I2.1'!I25 -> 410.40778 | E57: =D57-C57 -> 33.852094 | F57: =((D57/C57)-1) -> 0.089899304
B58: I - Hostelería | C58: 231.07688 | D58: ='ATR-I2.1'!I26 -> 199.14245 | E58: =D58-C58 -> -31.934429 | F58: =((D58/C58)-1) -> -0.13819829
B59: N - Actividades administrativas y servicios auxiliares | C59: 468.26508 | D59: ='ATR-I2.1'!I31 -> 398.27155 | E59: =D59-C59 -> -69.993531 | F59: =((D59/C59)-1) -> -0.14947416
B60: O - Administración Pública y defensa; Seguridad social obligatoria | C60: 168.74167 | D60: ='ATR-I2.1'!I32 -> 190.09281 | E60: =D60-C60 -> 21.351141 | F60: =((D60/C60)-1) -> 0.12653153
B61: Q - Actividades sanitarias y de servicios sociales | C61: 305.27727 | D61: ='ATR-I2.1'!I34 -> 236.99499 | E61: =D61-C61 -> -68.282275 | F61: =((D61/C61)-1) -> -0.22367298
A63: ACCIDENTES IN ITINERE
A64: Gravedad
B65: Leves | C65: 404 | D65: ='ATR-A2_II'!C9 -> 414 | E65: =D65-C65 -> 10 | F65: =((D65/C65)-1) -> 0.024752475
B66: Graves | C66: 4 | D66: ='ATR-A2_II'!D9 -> 5 | E66: =D66-C66 -> 1 | F66: =((D66/C66)-1) -> 0.25
B67: Mortales | C67: 1 | D67: ='ATR-A2_II'!E9 -> 1 | E67: 0 | F67: 0
A69: Sexo
B70: Varones | C70: 161 | D70: ='ATR-A3_II'!E22 -> 186 | E70: =D70-C70 -> 25 | F70: =((D70/C70)-1) -> 0.1552795
B71: Mujeres | C71: 248 | D71: ='ATR-A3_II'!E35 -> 234 | E71: =D71-C71 -> -14 | F71: =((D71/C71)-1) -> -0.056451613
A74: (1) Se incluyen los accidentes que han causado baja en el periodo de referencia y han sido recepcionados por la Autoridad Laboral Provincial.

Sheet ATR-A2.1
A1: ACCIDENTES DE TRABAJO | E1: Volver al índice
A3: ATR-A2. ACCIDENTES DE TRABAJO CON BAJA, EN JORNADA, SEGÚN GRAVEDAD,
A4: POR SECTOR, SECCIÓN Y DIVISIÓN DE ACTIVIDAD ECONÓMICA
A6: enero-octubre 2024
C8: Leves | D8: Graves | E8: Mortales | F8: TOTAL
B9: TOTAL | C9: =SUM(C12:C15) -> 3642 | D9: =SUM(D12:D15) -> 20 | E9: =SUM(E12:E15) -> 5 | F9: =SUM(F12:F15) -> 3667
B11: SECTOR
B12: Agrario | C12: =SUM(C17:C20) -> 219 | D12: =SUM(D17:D20) -> 3 | E12: =SUM(E17:E20) -> 0 | F12: =SUM(C12:E12) -> 222
B13: Industria | C13: =SUM(C21:C44) -> 1104 | D13: =SUM(D21:D44) -> 5 | E13: =SUM(E21:E44) -> 0 | F13: =SUM(C13:E13) -> 1109
B14: Construcción | C14: =SUM(C45:C47) -> 503 | D14: =SUM(D45:D47) -> 2 | E14: =SUM(E45:E47) -> 2 | F14: =SUM(C14:E14) -> 507
B15: Servicios | C15: =SUM(C48:C100) -> 1816 | D15: =SUM(D48:D100) -> 10 | E15: =SUM(E48:E100) -> 3 | F15: =SUM(C15:E15) -> 1829
B17: SECCIÓN Y DIVISIÓN
B18: 01 Agricultura, ganadería, caza y servicios relacionados con las mismas | C18: 198 | D18: 3 | E18: 0 | F18: =SUM(C18:E18) -> 201
B19: 02 Silvicultura y explotación forestal | C19: 20 | D19: 0 | E19: 0 | F19: =SUM(C19:E19) -> 20
B20: 03 Pesca y acuicultura | C20: 1 | D20: 0 | E20: 0 | F20: =SUM(C20:E20) -> 1
B21: 08 Otras industrias extractivas | C21: 6 | D21: 0 | E21: 0 | F21: =SUM(C21:E21) -> 6
B22: 10 Industria de la alimentación | C22: 240 | D22: 1 | E22: 0 | F22: =SUM(C22:E22) -> 241
B23: 11 Fabricación de bebidas | C23: 57 | D23: 0 | E23: 0 | F23: =SUM(C23:E23) -> 57
B24: 13 Industria textil | C24: 21 | D24: 0 | E24: 0 | F24: =SUM(C24:E24) -> 21
B25: 14 Confección de prendas de vestir | C25: 1 | D25: 0 | E25: 0 | F25: =SUM(C25:E25) -> 1
B26: 15 Industria del cuero y del calzado | C26: 88 | D26: 0 | E26: 0 | F26: =SUM(C26:E26) -> 88
B27: 16 Industria de la madera y del corcho, excepto muebles cestería y espartería | C27: 58 | D27: 0 | E27: 0 | F27: =SUM(C27:E27) -> 58
B28: 17 Industria del papel | C28: 14 | D28: 0 | E28: 0 | F28: =SUM(C28:E28) -> 14
B29: 18 Artes gráficas y reproducción de soportes grabados | C29: 11 | D29: 0 | E29: 0 | F29: =SUM(C29:E29) -> 11
... B87: 97 Actividades de los hogares como empleadores de personal doméstico | C87: 9 | D87: 0 | E87: 0 | F87: =SUM(C87:E87) -> 9

Sheet ATR-A2.2
A1: ACCIDENTES DE TRABAJO | E1: Volver al índice
A3: ATR-A2. ACCIDENTES DE TRABAJO CON BAJA, EN JORNADA, SEGÚN GRAVEDAD,
A4: POR SECTOR, SECCIÓN Y DIVISIÓN DE ACTIVIDAD ECONÓMICA. ASALARIADOS.
A6: enero-octubre 2024
C8: Leves | D8: Graves | E8: Mortales | F8: TOTAL
B9: TOTAL | C9: =SUM(C12:C15) -> 3372 | D9: =SUM(D12:D15) -> 18 | E9: =SUM(E12:E15) -> 4 | F9: =SUM(F12:F15) -> 3394
B11: SECTOR
B12: Agrario | C12: =SUM(C18:C20) -> 163 | D12: =SUM(D17:D20) -> 2 | E12: =SUM(E17:E20) -> 0 | F12: =SUM(C12:E12) -> 165
B13: Industria | C13: =SUM(C21:C44) -> 1071 | D13: =SUM(D21:D44) -> 5 | E13: =SUM(E21:E44) -> 0 | F13: =SUM(C13:E13) -> 1076
B14: Construcción | C14: =SUM(C45:C47) -> 424 | D14: =SUM(D45:D47) -> 2 | E14: =SUM(E45:E47) -> 1 | F14: =SUM(C14:E14) -> 427
B15: Servicios | C15: =SUM(C48:C101) -> 1714 | D15: =SUM(D48:D101) -> 9 | E15: =SUM(E48:E101) -> 3 | F15: =SUM(C15:E15) -> 1726
B17: SECCIÓN Y DIVISIÓN
B18: 01 Agricultura, ganadería, caza y servicios relacionados con las mismas | C18: 142 | D18: 2 | E18: 0 | F18: =SUM(C18:E18) -> 144
B19: 02 Silvicultura y explotación forestal | C19: 20 | D19: 0 | E19: 0 | F19: =SUM(C19:E19) -> 20
B20: 03 Pesca y acuicultura | C20: 1 | D20: 0 | E20: 0 | F20: =SUM(C20:E20) -> 1
B21: 08 Otras industrias extractivas | C21: 6 | D21: 0 | E21: 0 | F21: =SUM(C21:E21) -> 6
B22: 10 Industria de la alimentación | C22: 234 | D22: 1 | E22: 0 | F22: =SUM(C22:E22) -> 235
B23: 11 Fabricación de bebidas | C23: 55 | D23: 0 | E23: 0 | F23: =SUM(C23:E23) -> 55
B24: 13 Industria textil | C24: 20 | D24: 0 | E24: 0 | F24: =SUM(C24:E24) -> 20
B25: 14 Confección de prendas de vestir | C25: 1 | D25: 0 | E25: 0 | F25: =SUM(C25:E25) -> 1
B26: 15 Industria del cuero y del calzado | C26: 87 | D26: 0 | E26: 0 | F26: =SUM(C26:E26) -> 87
B27: 16 Industria de la madera y del corcho, excepto muebles cestería y espartería | C27: 56 | D27: 0 | E27: 0 | F27: =SUM(C27:E27) -> 56
B28: 17 Industria del papel | C28: 14 | D28: 0 | E28: 0 | F28: =SUM(C28:E28) -> 14
B29: 18 Artes gráficas y reproducción de soportes grabados | C29: 11 | D29: 0 | E29: 0 | F29: =SUM(C29:E29) -> 11
... B85: 97 Actividades de los hogares como empleadores de personal doméstico | C85: 9 | D85: 0 | E85: 0 | F85: =SUM(C85:E85) -> 9

Sheet ATR-A2.3
A1: ACCIDENTES DE TRABAJO | E1: Volver al índice
A3: ATR-A2. ACCIDENTES DE TRABAJO CON BAJA, EN JORNADA, SEGÚN GRAVEDAD,
A4: POR SECTOR, SECCIÓN Y DIVISIÓN DE ACTIVIDAD ECONÓMICA. TRABAJADORES POR CUENTA PROPIA.
A6: enero-octubre 2024
C8: Leves | D8: Graves | E8: Mortales | F8: TOTAL
B9: TOTAL | C9: =SUM(C12:C15) -> 270 | D9: =SUM(D12:D15) -> 2 | E9: =SUM(E12:E15) -> 1 | F9: =SUM(F12:F15) -> 273
B11: SECTOR
B12: Agrario | C12: =C18 -> 56 | D12: =D18 -> 1 | E12: =E18 -> 0 | F12: =SUM(C12:E12) -> 57
B13: Industria | C13: =SUM(C19:C28) -> 33 | D13: =SUM(D19:D28) -> 0 | E13: =SUM(E19:E28) -> 0 | F13: =SUM(C13:E13) -> 33
B14: Construcción | C14: =SUM(C29:C30) -> 79 | D14: =SUM(D29:D30) -> 0 | E14: =SUM(E29:E30) -> 1 | F14: =SUM(C14:E14) -> 80
B15: Servicios | C15: =SUM(C31:C90) -> 102 | D15: =SUM(D31:D90) -> 1 | E15: =SUM(E31:E90) -> 0 | F15: =SUM(C15:E15) -> 103
B17: SECCIÓN Y DIVISIÓN
B18: 01 Agricultura, ganadería, caza y servicios relacionados con las mismas | C18: 56 | D18: 1 | E18: 0 | F18: =SUM(C18:E18) -> 57
B19: 10 Industria de la alimentación | C19: 6 | D19: 0 | E19: 0 | F19: =SUM(C19:E19) -> 6
B20: 11 Fabricación de bebidas | C20: 2 | D20: 0 | E20: 0 | F20: =SUM(C20:E20) -> 2
B21: 13 Industria textil | C21: 1 | D21: 0 | E21: 0 | F21: =SUM(C21:E21) -> 1
B22: 15 Industria del cuero y del calzado | C22: 1 | D22: 0 | E22: 0 | F22: =SUM(C22:E22) -> 1
B23: 16 Industria de la madera y del corcho, excepto muebles cestería y espartería | C23: 2 | D23: 0 | E23: 0 | F23: =SUM(C23:E23) -> 2
B24: 20 Industria química | C24: 2 | D24: 0 | E24: 0 | F24: =SUM(C24:E24) -> 2
B25: 25 Fabricación de productos metálicos, excepto maquinaria y equipo | C25: 7 | D25: 0 | E25: 0 | F25: =SUM(C25:E25) -> 7
B26: 28 Fabricación de maquinaria y equipo ncop | C26: 2 | D26: 0 | E26: 0 | F26: =SUM(C26:E26) -> 2
B27: 31 Fabricación de muebles | C27: 5 | D27: 0 | E27: 0 | F27: =SUM(C27:E27) -> 5
B28: 33 Reparación e instalación de maquinaria y equipo | C28: 5 | D28: 0 | E28: 0 | F28: =SUM(C28:E28) -> 5
B29: 41 Construcción de edificios | C29: 25 | D29: 0 | E29: 0 | F29: =SUM(C29:E29) -> 25
... B52: 96 Otros servicios personales | C52: 8 | D52: 0 | E52: 0 | F52: =SUM(C52:E52) -> 8

Sheet ATR-A2_II
A1: ACCIDENTES DE TRABAJO | E1: Volver al índice
A3: ATR-A2_II. ACCIDENTES DE TRABAJO CON BAJA, IN ITINERE, SEGÚN GRAVEDAD,
A4: POR SECTOR, SECCIÓN Y DIVISIÓN DE ACTIVIDAD ECONÓMICA
A6: enero-octubre 2024
C8: Leves | D8: Graves | E8: Mortales | F8: TOTAL
B9: TOTAL | C9: =SUM(C12:C15) -> 414 | D9: =SUM(D12:D15) -> 5 | E9: =SUM(E12:E15) -> 1 | F9: =SUM(C9:E9) -> 420
B11: SECTOR
B12: Agrario | C12: =C18+C19 -> 12 | D12: =D18+D19 -> 0 | E12: =E18+E19 -> 0 | F12: =SUM(C12:E12) -> 12
B13: Industria | C13: =SUM(C20:C36) -> 87 | D13: =SUM(D20:D36) -> 2 | E13: =SUM(E20:E36) -> 0 | F13: =SUM(C13:E13) -> 89
B14: Construcción | C14: =SUM(C37:C38) -> 26 | D14: =SUM(D37:D38) -> 0 | E14: =SUM(E37:E38) -> 0 | F14: =SUM(C14:E14) -> 26
B15: Servicios | C15: =SUM(C39:C99) -> 289 | D15: =SUM(D39:D99) -> 3 | E15: =SUM(E39:E99) -> 1 | F15: =SUM(C15:E15) -> 293
B17: SECCIÓN Y DIVISIÓN
B18: 01 Agricultura, ganadería, caza y servicios relacionados con las mismas | C18: 10 | D18: 0 | E18: 0 | F18: =SUM(C18:E18) -> 10
B19: 02 Silvicultura y explotación forestal | C19: 2 | D19: 0 | E19: 0 | F19: =SUM(C19:E19) -> 2
B20: 10 Industria de la alimentación | C20: 32 | D20: 0 | E20: 0 | F20: =SUM(C20:E20) -> 32
B21: 11 Fabricación de bebidas | C21: 3 | D21: 0 | E21: 0 | F21: =SUM(C21:E21) -> 3
B22: 13 Industria textil | C22: 4 | D22: 0 | E22: 0 | F22: =SUM(C22:E22) -> 4
B23: 15 Industria del cuero y del calzado | C23: 9 | D23: 0 | E23: 0 | F23: =SUM(C23:E23) -> 9
B24: 16 Industria de la madera y del corcho, excepto muebles cestería y espartería | C24: 4 | D24: 0 | E24: 0 | F24: =SUM(C24:E24) -> 4
B25: 17 Industria del papel | C25: 1 | D25: 1 | E25: 0 | F25: =SUM(C25:E25) -> 2
B26: 20 Industria química | C26: 1 | D26: 0 | E26: 0 | F26: =SUM(C26:E26) -> 1
B27: 22 Fabricación de productos de caucho y plásticos | C27: 8 | D27: 0 | E27: 0 | F27: =SUM(C27:E27) -> 8
B28: 23 Fabricación de otros productos minerales no metálicos | C28: 1 | D28: 0 | E28: 0 | F28: =SUM(C28:E28) -> 1
B29: 25 Fabricación de productos metálicos, excepto maquinaria y equipo | C29: 6 | D29: 0 | E29: 0 | F29: =SUM(C29:E29) -> 6
... B67: 97 Actividades de los hogares como empleadores de personal doméstico | C67: 5 | D67: 1 | E67: 0 | F67: =SUM(C67:E67) -> 6

Sheet ATR-I2.1
A1: ACCIDENTES DE TRABAJO
A3: ATR-I2.1 ÍNDICES DE INCIDENCIA DE ACCIDENTES DE TRABAJO CON BAJA EN JORNADA
A4: POR SECTOR Y SECCIÓN DE ACTIVIDAD.TOTAL
A6: enero-octubre 2024
D7: ACCIDENTES EN JORNADA (1) | G7: AFILIADOS EN MEDIA MENSUAL (2) | I7: ÍNDICES DE INCIDENCIA EN MEDIA MENSUAL (3)
D8: Total | E8: Mortales | I8: Total | J8: Mortales
B9: TOTAL | D9: ='ATR-A2.1'!F9 -> 3667 | E9: ='ATR-A2.1'!E9 -> 5 | G9: =SUM(G12:G15) -> 133908.8 | I9: =(D9*100000/G9)/10 -> 273.84309 | J9: =(E9*100000/G9)/10 -> 0.37338846
B11: SECTOR
B12: Agrario | D12: =D18 -> 222 | E12: =E18 -> 0 | G12: =G18 -> 7401 | I12: =(D12*100000/G12)/10 -> 299.95946 | J12: =(E12*100000/G12)/10 -> 0
B13: Industria | D13: =SUM(D19:D22) -> 1109 | E13: =SUM(E19:E22) -> 0 | G13: =SUM(G19:G22) -> 26627.7 | I13: =(D13*100000/G13)/10 -> 416.48359 | J13: =(E13*100000/G13)/10 -> 0
B14: Construcción | D14: =D23 -> 507 | E14: =E23 -> 2 | G14: =G23 -> 8634.6 | I14: =(D14*100000/G14)/10 -> 587.17254 | J14: =(E14*100000/G14)/10 -> 2.3162625
B15: Servicios | D15: =SUM(D24:D37) -> 1829 | E15: =SUM(E24:E37) -> 3 | G15: =SUM(G24:G38) -> 91245.5 | I15: =(D15*100000/G15)/10 -> 200.44824 | J15: =(E15*100000/G15)/10 -> 0.32878334
B17: SECCIÓN | G17: 0
A18: A | B18: Agricultura, ganadería, silvicultura y pesca | D18: =SUM('ATR-A2.1'!F18:F20) -> 222 | E18: =SUM('ATR-A2.1'!E18:E20) -> 0 | G18: 7401 | I18: =(D18*100000/G18)/10 -> 299.95946 | J18: =(E18*100000/G18)/10 -> 0
A19: B | B19: Industrias extractivas | D19: ='ATR-A2.1'!F21 -> 6 | E19: ='ATR-A2.1'!E21 -> 0 | G19: 115.9 | I19: =(D19*100000/G19)/10 -> 517.68766 | J19: =(E19*100000/G19)/10 -> 0
A20: C | B20: Industria manufacturera | D20: =SUM('ATR-A2.1'!F22:F41) -> 1049 | E20: =SUM('ATR-A2.1'!E22:E41) -> 0 | G20: 25138.7 | I20: =(D20*100000/G20)/10 -> 417.2849 | J20: =(E20*100000/G20)/10 -> 0
A21: D | B21: Suministro de energía eléctrica, gas, vapor y aire acondicionado | D21: 0 | E21: 0 | G21: 195.7 | I21: =(D21*100000/G21)/10 -> 0 | J21: =(E21*100000/G21)/10 -> 0
A22: E | B22: Suministro de agua, saneamiento, gestión residuos | D22: =SUM('ATR-A2.1'!F42:F44) -> 54 | E22: =SUM('ATR-A2.1'!E42:E44) -> 0 | G22: 1177.4 | I22: =(D22*100000/G22)/10 -> 458.63768 | J22: =(E22*100000/G22)/10 -> 0
A23: F | B23: Construcción | D23: =SUM('ATR-A2.1'!F45:F47) -> 507 | E23: =SUM('ATR-A2.1'!E45:E47) -> 2 | G23: 8634.6 | I23: =(D23*100000/G23)/10 -> 587.17254 | J23: =(E23*100000/G23)/10 -> 2.3162625
A24: G | B24: Comercio al por junior y por menor; reparación vehículos motor | D24: =SUM('ATR-A2.1'!F48:F50) -> 433 | E24: =SUM('ATR-A2.1'!E48:E50) -> 0 | G24: 19446.9 | I24: =(D24*100000/G24)/10 -> 222.6576 | J24: =(E24*100000/G24)/10 -> 0
A25: H | B25: Transporte y almacenamiento | D25: =SUM('ATR-A2.1'!F51:F53) -> 203 | E25: =SUM('ATR-A2.1'!E51:E53) -> 0 | G25: 4946.3 | I25: =(D25*100000/G25)/10 -> 410.40778 | J25: =(E25*100000/G25)/10 -> 0
A26: I | B26: Hostelería | D26: =SUM('ATR-A2.1'!F54:F55) -> 209 | E26: =SUM('ATR-A2.1'!E54:E55) -> 0 | G26: 10495 | I26: =(D26*100000/G26)/10 -> 199.14245 | J26: =(E26*100000/G26)/10 -> 0
A27: J | B27: Información y comunicaciones | D27: =SUM('ATR-A2.1'!F56:F60) -> 11 | E27: =SUM('ATR-A2.1'!E56:E60) -> 0 | G27: 2102.6 | I27: =(D27*100000/G27)/10 -> 52.31618 | J27: =(E27*100000/G27)/10 -> 0
A28: K | B28: Actividades financieras y de seguros | D28: =SUM('ATR-A2.1'!F61:F61) -> 1 | E28: =SUM('ATR-A2.1'!E61:E61) -> 0 | G28: 1806.2 | I28: =(D28*100000/G28)/10 -> 5.5364854 | J28: =(E28*100000/G28)/10 -> 0
A29: L | B29: Actividades inmobiliarias | D29: =SUM('ATR-A2.1'!F62:F62) -> 5 | E29: =SUM('ATR-A2.1'!E62:E62) -> 0 | G29: 546 | I29: =(D29*100000/G29)/10 -> 91.575092 | J29: =(E29*100000/G29)/10 -> 0
A30: M | B30: Actividades profesionales, científicas y técnicas | D30: =SUM('ATR-A2.1'!F63:F68) -> 21 | E30: =SUM('ATR-A2.1'!E63:E68) -> 0 | G30: 5107.1 | I30: =(D30*100000/G30)/10 -> 41.119226 | J30: =(E30*100000/G30)/10 -> 0
A31: N | B31: Actividades administrativas y servicios auxiliares | D31: =SUM('ATR-A2.1'!F69:F74) -> 306 | E31: =SUM('ATR-A2.1'!E69:E74) -> 1 | G31: 7683.2 | I31: =(D31*100000/G31)/10 -> 398.27155 | J31: =(E31*100000/G31)/10 -> 1.301541
A32: O | B32: Administración Pública y defensa; Seguridad social obligatoria | D32: =SUM('ATR-A2.1'!F75) -> 136 | E32: =SUM('ATR-A2.1'!E75) -> 1 | G32: 7154.4 | I32: =(D32*100000/G32)/10 -> 190.09281 | J32: =(E32*100000/G32)/10 -> 1.3977413
A33: P | B33: Educación | D33: =SUM('ATR-A2.1'!F76) -> 41 | E33: =SUM('ATR-A2.1'!E76) -> 0 | G33: 10414.4 | I33: =(D33*100000/G33)/10 -> 39.368567 | J33: =(E33*100000/G33)/10 -> 0
A34: Q | B34: Actividades sanitarias y de servicios sociales | D34: =SUM('ATR-A2.1'!F77:F79) -> 319 | E34: =SUM('ATR-A2.1'!E77:E79) -> 1 | G34: 13460.2 | I34: =(D34*100000/G34)/10 -> 236.99499 | J34: =(E34*100000/G34)/10 -> 0.74293101
A35: R | B35: Actividades artísticas, recreativas y de entretenimiento | D35: =SUM('ATR-A2.1'!F80:F83) -> 101 | E35: =SUM('ATR-A2.1'!E80:E83) -> 0 | G35: 2407.9 | I35: =(D35*100000/G35)/10 -> 419.45264 | J35: =(E35*100000/G35)/10 -> 0
A36: S | B36: Otros servicios | D36: =SUM('ATR-A2.1'!F84:F86) -> 34 | E36: =SUM('ATR-A2.1'!E84:E86) -> 0 | G36: 3210.4 | I36: =(D36*100000/G36)/10 -> 105.90581 | J36: =(E36*100000/G36)/10 -> 0
A37: T | B37: Actividades de hogares empleadores de personal doméstico | D37: =SUM('ATR-A2.1'!F87) -> 9 | E37: =SUM('ATR-A2.1'!E87) -> 0 | G37: 2459 | I37: =(D37*100000/G37)/10 -> 36.600244 | J37: =(E37*100000/G37)/10 -> 0
A38: U | B38: Actividades de organizaciones y organismos extraterritoriales | D38: 0 | E38: 0 | G38: 5.9 | I38: =(D38*100000/G38)/10 -> 0 | J38: =(E38*100000/G38)/10 -> 0
A39: 00 | B39: Sin actividad económica
A41: (2) Media del dato de afiliados a último día de mes que tienen cubiertas las contingencias profesionales (véanse Fuentes y Notas explicativas).
A42: (3) Indices calculados utilizando, en el numerador, la media mensual de los accidentes con baja en jornada de trabajo del período considerado, multiplicado por cien mil y, en el denominador, la media mensual de los afiliados a la Seguridad Social con la contingencia de accidente cubierta en dicho período. (Véanse Fuentes y Notas Explicativas).

Sheet ATR-I2.2
A1: ACCIDENTES DE TRABAJO
A3: ATR-I2.2 ÍNDICES DE INCIDENCIA DE ACCIDENTES DE TRABAJO CON BAJA EN JORNADA
A4: POR SECTOR Y SECCIÓN DE ACTIVIDAD.ASALARIADOS
A6: enero-octubre 2024
D7: ACCIDENTES EN JORNADA (1) | G7: AFILIADOS EN MEDIA MENSUAL (2) | I7: ÍNDICES DE INCIDENCIA EN MEDIA MENSUAL (3)
D8: Total | E8: Mortales | I8: Total | J8: Mortales
B9: TOTAL | D9: ='ATR-A2.2'!F9 -> 3394 | E9: ='ATR-A2.2'!E9 -> 4 | G9: =SUM(G12:G15) -> 110727.7 | I9: =(D9*100000/G9)/10 -> 306.5177 | J9: =(E9*100000/G9)/10 -> 0.36124655
B11: SECTOR
B12: Agrario | D12: =D18 -> 165 | E12: =E18 -> 0 | G12: =G18 -> 4565.6 | I12: =(D12*100000/G12)/10 -> 361.39828 | J12: =(E12*100000/G12)/10 -> 0
B13: Industria | D13: =SUM(D19:D22) -> 1076 | E13: =SUM(E19:E22) -> 0 | G13: =SUM(G19:G22) -> 24683.3 | I13: =(D13*100000/G13)/10 -> 435.92226 | J13: =(E13*100000/G13)/10 -> 0
B14: Construcción | D14: =D23 -> 427 | E14: =E23 -> 1 | G14: =G23 -> 5773.4 | I14: =(D14*100000/G14)/10 -> 739.59885 | J14: =(E14*100000/G14)/10 -> 1.7320816
B15: Servicios | D15: =SUM(D24:D37) -> 1726 | E15: =SUM(E24:E37) -> 3 | G15: =SUM(G24:G38) -> 75705.4 | I15: =(D15*100000/G15)/10 -> 227.98902 | J15: =(E15*100000/G15)/10 -> 0.39627292
B17: SECCIÓN
A18: A | B18: Agricultura, ganadería, silvicultura y pesca | D18: =SUM('ATR-A2.2'!F18:F20) -> 165 | E18: =SUM('ATR-A2.2'!E18:E20) -> 0 | G18: 4565.6 | I18: =(D18*100000/G18)/10 -> 361.39828 | J18: =(E18*100000/G18)/10 -> 0
A19: B | B19: Industrias extractivas | D19: ='ATR-A2.2'!F21 -> 6 | E19: ='ATR-A2.2'!E21 -> 0 | G19: 105.9 | I19: =(D19*100000/G19)/10 -> 566.57224 | J19: =(E19*100000/G19)/10 -> 0
A20: C | B20: Industria manufacturera | D20: =SUM('ATR-A2.2'!F22:F41) -> 1016 | E20: =SUM('ATR-A2.2'!E22:E40) -> 0 | G20: 23244.8 | I20: =(D20*100000/G20)/10 -> 437.087 | J20: =(E20*100000/G20)/10 -> 0
A21: D | B21: Suministro de energía eléctrica, gas, vapor y aire acondicionado | D21: 0 | E21: 0 | G21: 183.3 | I21: =(D21*100000/G21)/10 -> 0 | J21: =(E21*100000/G21)/10 -> 0
A22: E | B22: Suministro de agua, saneamiento, gestión residuos | D22: =SUM('ATR-A2.2'!F42:F44) -> 54 | E22: =SUM('ATR-A2.2'!E41:E44) -> 0 | G22: 1149.3 | I22: =(D22*100000/G22)/10 -> 469.85121 | J22: =(E22*100000/G22)/10 -> 0
A23: F | B23: Construcción | D23: =SUM('ATR-A2.2'!F45:F47) -> 427 | E23: =SUM('ATR-A2.2'!E45:E47) -> 1 | G23: 5773.4 | I23: =(D23*100000/G23)/10 -> 739.59885 | J23: =(E23*100000/G23)/10 -> 1.7320816
A24: G | B24: Comercio al por junior y por menor; reparación vehículos motor | D24: =SUM('ATR-A2.2'!F48:F50) -> 401 | E24: =SUM('ATR-A2.2'!E48:E50) -> 0 | G24: 14300.5 | I24: =(D24*100000/G24)/10 -> 280.40978 | J24: =(E24*100000/G24)/10 -> 0
A25: H | B25: Transporte y almacenamiento | D25: =SUM('ATR-A2.2'!F51:F53) -> 184 | E25: =SUM('ATR-A2.2'!E51:E53) -> 0 | G25: 3903.3 | I25: =(D25*100000/G25)/10 -> 471.396 | J25: =(E25*100000/G25)/10 -> 0
A26: I | B26: Hostelería | D26: =SUM('ATR-A2.2'!F54:F55) -> 189 | E26: =SUM('ATR-A2.2'!E54:E55) -> 0 | G26: 8016.2 | I26: =(D26*100000/G26)/10 -> 235.77256 | J26: =(E26*100000/G26)/10 -> 0
A27: J | B27: Información y comunicaciones | D27: =SUM('ATR-A2.2'!F56:F60) -> 10 | E27: =SUM('ATR-A2.2'!E56:E60) -> 0 | G27: 1778.1 | I27: =(D27*100000/G27)/10 -> 56.239807 | J27: =(E27*100000/G27)/10 -> 0
A28: K | B28: Actividades financieras y de seguros | D28: 0 | E28: 0 | G28: 1402.7 | I28: =(D28*100000/G28)/10 -> 0 | J28: =(E28*100000/G28)/10 -> 0
A29: L | B29: Actividades inmobiliarias | D29: =SUM('ATR-A2.2'!F61:F61) -> 4 | E29: =SUM('ATR-A2.2'!E61:E61) -> 0 | G29: 349.1 | I29: =(D29*100000/G29)/10 -> 114.58035 | J29: =(E29*100000/G29)/10 -> 0
A30: M | B30: Actividades profesionales, científicas y técnicas | D30: =SUM('ATR-A2.2'!F62:F66) -> 15 | E30: =SUM('ATR-A2.2'!E62:E66) -> 0 | G30: 3159.1 | I30: =(D30*100000/G30)/10 -> 47.481878 | J30: =(E30*100000/G30)/10 -> 0
A31: N | B31: Actividades administrativas y servicios auxiliares | D31: =SUM('ATR-A2.2'!F67:F72) -> 297 | E31: =SUM('ATR-A2.2'!E67:E72) -> 1 | G31: 6941.1 | I31: =(D31*100000/G31)/10 -> 427.88607 | J31: =(E31*100000/G31)/10 -> 1.4406938
A32: O | B32: Administración Pública y defensa; Seguridad social obligatoria | D32: =SUM('ATR-A2.2'!F73) -> 136 | E32: =SUM('ATR-A2.2'!E73) -> 1 | G32: 7149.5 | I32: =(D32*100000/G32)/10 -> 190.22309 | J32: =(E32*100000/G32)/10 -> 1.3986992
A33: P | B33: Educación | D33: =SUM('ATR-A2.2'!F74) -> 39 | E33: =SUM('ATR-A2.2'!E74) -> 0 | G33: 9708.9 | I33: =(D33*100000/G33)/10 -> 40.169329 | J33: =(E33*100000/G33)/10 -> 0
A34: Q | B34: Actividades sanitarias y de servicios sociales | D34: =SUM('ATR-A2.2'!F75:F77) -> 318 | E34: =SUM('ATR-A2.2'!E75:E77) -> 1 | G34: 12772.5 | I34: =(D34*100000/G34)/10 -> 248.9724 | J34: =(E34*100000/G34)/10 -> 0.78293208
A35: R | B35: Actividades artísticas, recreativas y de entretenimiento | D35: =SUM('ATR-A2.2'!F78:F81) -> 99 | E35: =SUM('ATR-A2.2'!E78:E81) -> 0 | G35: 1896.7 | I35: =(D35*100000/G35)/10 -> 521.95919 | J35: =(E35*100000/G35)/10 -> 0
A36: S | B36: Otros servicios | D36: =SUM('ATR-A2.2'!F82:F84) -> 25 | E36: =SUM('ATR-A2.2'!E82:E84) -> 0 | G36: 1865.8 | I36: =(D36*100000/G36)/10 -> 133.99078 | J36: =(E36*100000/G36)/10 -> 0
A37: T | B37: Actividades de hogares empleadores de personal doméstico | D37: =SUM('ATR-A2.2'!F85) -> 9 | E37: =SUM('ATR-A2.2'!E85) -> 0 | G37: 2459 | I37: =(D37*100000/G37)/10 -> 36.600244 | J37: =(E37*100000/G37)/10 -> 0
A38: U | B38: Actividades de organizaciones y organismos extraterritoriales | D38: 0 | E38: 0 | G38: 2.9 | I38: =(D38*100000/G38)/10 -> 0 | J38: =(E38*100000/G38)/10 -> 0
A39: 00 | B39: Sin actividad económica | D39: 0 | E39: 0 | I39: - | J39: -
A41: (2) Media del dato de afiliados a último día de mes que tienen cubiertas las contingencias profesionales (véanse Fuentes y Notas explicativas).
A42: (3) Indices calculados utilizando, en el numerador, la media mensual de los accidentes con baja en jornada de trabajo del período considerado, multiplicado por cien mil y, en el denominador, la media mensual de los afiliados a la Seguridad Social con la contingencia de accidente cubierta en dicho período. (Véanse Fuentes y Notas Explicativas).

Sheet ATR-I2.3
A1: ACCIDENTES DE TRABAJO
A3: ATR-I2.3 ÍNDICES DE INCIDENCIA DE ACCIDENTES DE TRABAJO CON BAJA EN JORNADA
A4: POR SECTOR Y SECCIÓN DE ACTIVIDAD.TRABAJADORES POR CUENTA PROPIA
A6: enero-octubre 2024
D7: ACCIDENTES EN JORNADA (1) | G7: AFILIADOS EN MEDIA MENSUAL (2) | I7: ÍNDICES DE INCIDENCIA EN MEDIA MENSUAL (3)
D8: Total | E8: Mortales | I8: Total | J8: Mortales
B9: TOTAL | D9: =SUM(D12:D15) -> 273 | E9: =SUM(E12:E15) -> 1 | G9: =SUM(G12:G15) -> 23181.1 | I9: =(D9*100000/G9)/10 -> 117.76835 | J9: =(E9*100000/G9)/10 -> 0.43138591
B11: SECTOR
B12: Agrario | D12: =D18 -> 57 | E12: =E18 -> 0 | G12: =G18 -> 2835.4 | I12: =(D12*100000/G12)/10 -> 201.02984 | J12: =(E12*100000/G12)/10 -> 0
B13: Industria | D13: =SUM(D19:D22) -> 33 | E13: =SUM(E19:E22) -> 0 | G13: =SUM(G19:G22) -> 1944.4 | I13: =(D13*100000/G13)/10 -> 169.71816 | J13: =(E13*100000/G13)/10 -> 0
B14: Construcción | D14: =D23 -> 80 | E14: =E23 -> 1 | G14: =G23 -> 2861.2 | I14: =(D14*100000/G14)/10 -> 279.60296 | J14: =(E14*100000/G14)/10 -> 3.495037
B15: Servicios | D15: =SUM(D24:D39) -> 103 | E15: =SUM(E24:E39) -> 0 | G15: =SUM(G24:G38) -> 15540.1 | I15: =(D15*100000/G15)/10 -> 66.28014 | J15: =(E15*100000/G15)/10 -> 0
B17: SECCIÓN
A18: A | B18: Agricultura, ganadería, silvicultura y pesca | D18: ='ATR-I2.1'!D18-'ATR-I2.2'!D18 -> 57 | E18: ='ATR-I2.1'!E18-'ATR-I2.2'!E18 -> 0 | G18: 2835.4 | I18: =(D18*100000/G18)/10 -> 201.02984 | J18: =(E18*100000/G18)/10 -> 0
A19: B | B19: Industrias extractivas | D19: ='ATR-I2.1'!D19-'ATR-I2.2'!D19 -> 0 | E19: ='ATR-I2.1'!E19-'ATR-I2.2'!E19 -> 0 | G19: 10 | I19: =(D19*100000/G19)/10 -> 0 | J19: =(E19*100000/G19)/10 -> 0
A20: C | B20: Industria manufacturera | D20: ='ATR-I2.1'!D20-'ATR-I2.2'!D20 -> 33 | E20: ='ATR-I2.1'!E20-'ATR-I2.2'!E20 -> 0 | G20: 1893.9 | I20: =(D20*100000/G20)/10 -> 174.24362 | J20: =(E20*100000/G20)/10 -> 0
A21: D | B21: Suministro de energía eléctrica, gas, vapor y aire acondicionado | D21: ='ATR-I2.1'!D21-'ATR-I2.2'!D21 -> 0 | E21: ='ATR-I2.1'!E21-'ATR-I2.2'!E21 -> 0 | G21: 12.4 | I21: =(D21*100000/G21)/10 -> 0 | J21: =(E21*100000/G21)/10 -> 0
A22: E | B22: Suministro de agua, saneamiento, gestión residuos | D22: ='ATR-I2.1'!D22-'ATR-I2.2'!D22 -> 0 | E22: ='ATR-I2.1'!E22-'ATR-I2.2'!E22 -> 0 | G22: 28.1 | I22: =(D22*100000/G22)/10 -> 0 | J22: =(E22*100000/G22)/10 -> 0
A23: F | B23: Construcción | D23: ='ATR-I2.1'!D23-'ATR-I2.2'!D23 -> 80 | E23: ='ATR-I2.1'!E23-'ATR-I2.2'!E23 -> 1 | G23: 2861.2 | I23: =(D23*100000/G23)/10 -> 279.60296 | J23: =(E23*100000/G23)/10 -> 3.495037
A24: G | B24: Comercio al por junior y por menor; reparación vehículos motor | D24: ='ATR-I2.1'!D24-'ATR-I2.2'!D24 -> 32 | E24: ='ATR-I2.1'!E24-'ATR-I2.2'!E24 -> 0 | G24: 5146.4 | I24: =(D24*100000/G24)/10 -> 62.179388 | J24: =(E24*100000/G24)/10 -> 0
A25: H | B25: Transporte y almacenamiento | D25: ='ATR-I2.1'!D25-'ATR-I2.2'!D25 -> 19 | E25: ='ATR-I2.1'!E25-'ATR-I2.2'!E25 -> 0 | G25: 1043 | I25: =(D25*100000/G25)/10 -> 182.16683 | J25: =(E25*100000/G25)/10 -> 0
A26: I | B26: Hostelería | D26: ='ATR-I2.1'!D26-'ATR-I2.2'!D26 -> 20 | E26: ='ATR-I2.1'!E26-'ATR-I2.2'!E26 -> 0 | G26: 2478.8 | I26: =(D26*100000/G26)/10 -> 80.684202 | J26: =(E26*100000/G26)/10 -> 0
A27: J | B27: Información y comunicaciones | D27: ='ATR-I2.1'!D27-'ATR-I2.2'!D27 -> 1 | E27: ='ATR-I2.1'!E27-'ATR-I2.2'!E27 -> 0 | G27: 324.5 | I27: =(D27*100000/G27)/10 -> 30.816641 | J27: =(E27*100000/G27)/10 -> 0
A28: K | B28: Actividades financieras y de seguros | D28: ='ATR-I2.1'!D28-'ATR-I2.2'!D28 -> 1 | E28: ='ATR-I2.1'!E28-'ATR-I2.2'!E28 -> 0 | G28: 403.5 | I28: =(D28*100000/G28)/10 -> 24.783147 | J28: =(E28*100000/G28)/10 -> 0
A29: L | B29: Actividades inmobiliarias | D29: ='ATR-I2.1'!D29-'ATR-I2.2'!D29 -> 1 | E29: ='ATR-I2.1'!E29-'ATR-I2.2'!E29 -> 0 | G29: 196.9 | I29: =(D29*100000/G29)/10 -> 50.787202 | J29: =(E29*100000/G29)/10 -> 0
... A38: U | B38: Actividades de organizaciones y organismos extraterritoriales | D38: ='ATR-I2.1'!D38-'ATR-I2.2'!D38 -> 0 | E38: ='ATR-I2.1'!E38-'ATR-I2.2'!E38 -> 0 | G38: 3 | I38: =(D38*100000/G38)/10 -> 0 | J38: =(E38*100000/G38)/10 -> 0
A39: 00 | B39: Sin actividad económica
A41: (2) Media del dato de afiliados a último día de mes que tienen cubiertas las continEencias profesionales (véanse Fuentes y Notas explicativas).
A42: (3) Indices calculados utilizando, en el numerador, la media mensual de los accidentes con baja en jornada de trabajo del período considerado, multiplicado por cien mil y, en el denominador, la media mensual de los afiliados a la SeEuridad Social con la continEencia de accidente cubierta en dicho período. (Véanse Fuentes y Notas Explicativas).

Sheet ATR-A3
A1: ACCIDENTES DE TRABAJO | G1: Volver al índice
A3: ATR-A3. ACCIDENTES DE TRABAJO CON BAJA, EN JORNADA, SEGÚN GRAVEDAD,
A4: POR SEXO Y EDAD DEL TRABAJADOR ACCIDENTADO
A6: enero-octubre 2024
B8: Leves | C8: Graves | D8: Mortales | E8: TOTAL
A9: TOTAL | B9: =SUM(B10:B21) -> 3642 | C9: =SUM(C10:C21) -> 20 | D9: =SUM(D10:D21) -> 5 | E9: =SUM(E10:E21) -> 3667
A10: De 16 a 19 | B10: 53 | C10: 0 | D10: 0 | E10: =SUM(B10:D10) -> 53
A11: De 20 a 24 | B11: 287 | C11: 0 | D11: 0 | E11: =SUM(B11:D11) -> 287
A12: De 25 a 29 | B12: 301 | C12: 1 | D12: 0 | E12: =SUM(B12:D12) -> 302
A13: De 30 a 34 | B13: 306 | C13: 2 | D13: 0 | E13: =SUM(B13:D13) -> 308
A14: De 35 a 39 | B14: 394 | C14: 2 | D14: 1 | E14: =SUM(B14:D14) -> 397
A15: De 40 a 44 | B15: 521 | C15: 3 | D15: 1 | E15: =SUM(B15:D15) -> 525
A16: De 45 a 49 | B16: 535 | C16: 1 | D16: 1 | E16: =SUM(B16:D16) -> 537
A17: De 50 a 54 | B17: 516 | C17: 5 | D17: 1 | E17: =SUM(B17:D17) -> 522
A18: De 55 a 59 | B18: 436 | C18: 4 | D18: 0 | E18: =SUM(B18:D18) -> 440
A19: De 60 a 64 | B19: 225 | C19: 1 | D19: 1 | E19: =SUM(B19:D19) -> 227
A20: 65 o más años | B20: 29 | C20: 1 | D20: 0 | E20: =SUM(B20:D20) -> 30
A21: No consta | B21: 39 | C21: 0 | D21: 0 | E21: =SUM(B21:D21) -> 39
A23: VARONES | B23: =SUM(B24:B35) -> 2543 | C23: =SUM(C24:C35) -> 19 | D23: =SUM(D24:D35) -> 4 | E23: =SUM(E24:E35) -> 2566
A24: De 16 a 19 | B24: 41 | C24: 0 | D24: 0 | E24: =SUM(B24:D24) -> 41
A25: De 20 a 24 | B25: 222 | C25: 0 | D25: 0 | E25: =SUM(B25:D25) -> 222
A26: De 25 a 29 | B26: 238 | C26: 1 | D26: 0 | E26: =SUM(B26:D26) -> 239
A27: De 30 a 34 | B27: 222 | C27: 2 | D27: 0 | E27: =SUM(B27:D27) -> 224
A28: De 35 a 39 | B28: 276 | C28: 2 | D28: 1 | E28: =SUM(B28:D28) -> 279
A29: De 40 a 44 | B29: 360 | C29: 3 | D29: 1 | E29: =SUM(B29:D29) -> 364
A30: De 45 a 49 | B30: 360 | C30: 1 | D30: 1 | E30: =SUM(B30:D30) -> 362
A31: De 50 a 54 | B31: 348 | C31: 4 | D31: 0 | E31: =SUM(B31:D31) -> 352
A32: De 55 a 59 | B32: 283 | C32: 4 | D32: 0 | E32: =SUM(B32:D32) -> 287
A33: De 60 a 64 | B33: 146 | C33: 1 | D33: 1 | E33: =SUM(B33:D33) -> 148
A34: 65 o más años | B34: 19 | C34: 1 | D34: 0 | E34: =SUM(B34:D34) -> 20
A35: No consta | B35: 28 | C35: 0 | D35: 0 | E35: =SUM(B35:D35) -> 28
A37: MUJERES | B37: =SUM(B38:B49) -> 1099 | C37: =SUM(C38:C49) -> 1 | D37: =SUM(D38:D49) -> 1 | E37: =SUM(E38:E49) -> 1101
A38: De 16 a 19 | B38: =B10-B24 -> 12 | C38: =C10-C24 -> 0 | D38: =D10-D24 -> 0 | E38: =E10-E24 -> 12
A39: De 20 a 24 | B39: =B11-B25 -> 65 | C39: =C11-C25 -> 0 | D39: =D11-D25 -> 0 | E39: =E11-E25 -> 65
A40: De 25 a 29 | B40: =B12-B26 -> 63 | C40: =C12-C26 -> 0 | D40: =D12-D26 -> 0 | E40: =E12-E26 -> 63
A41: De 30 a 34 | B41: =B13-B27 -> 84 | C41: =C13-C27 -> 0 | D41: =D13-D27 -> 0 | E41: =E13-E27 -> 84
A42: De 35 a 39 | B42: =B14-B28 -> 118 | C42: =C14-C28 -> 0 | D42: =D14-D28 -> 0 | E42: =E14-E28 -> 118
A43: De 40 a 44 | B43: =B15-B29 -> 161 | C43: =C15-C29 -> 0 | D43: =D15-D29 -> 0 | E43: =E15-E29 -> 161
A44: De 45 a 49 | B44: =B16-B30 -> 175 | C44: =C16-C30 -> 0 | D44: =D16-D30 -> 0 | E44: =E16-E30 -> 175
A45: De 50 a 54 | B45: =B17-B31 -> 168 | C45: =C17-C31 -> 1 | D45: =D17-D31 -> 1 | E45: =E17-E31 -> 170
A46: De 55 a 59 | B46: =B18-B32 -> 153 | C46: =C18-C32 -> 0 | D46: =D18-D32 -> 0 | E46: =E18-E32 -> 153
A47: De 60 a 64 | B47: =B19-B33 -> 79 | C47: =C19-C33 -> 0 | D47: =D19-D33 -> 0 | E47: =E19-E33 -> 79
A48: 65 o más años | B48: =B20-B34 -> 10 | C48: =C20-C34 -> 0 | D48: =D20-D34 -> 0 | E48: =E20-E34 -> 10
A49: No consta | B49: =B21-B35 -> 11 | C49: =C21-C35 -> 0 | D49: =D21-D35 -> 0 | E49: =E21-E35 -> 11

Sheet ATR-A3_II
A1: ACCIDENTES DE TRABAJO | E1: Volver al índice
A3: ATR-A3_II. ACCIDENTES DE TRABAJO CON BAJA, IN ITINERE, SEGÚN GRAVEDAD,
A4: POR SEXO Y EDAD DEL TRABAJADOR ACCIDENTADO
A6: enero-octubre 2024
B8: Leves | C8: Graves | D8: Mortales | E8: TOTAL
A9: TOTAL | B9: =SUM(B10:B21) -> 414 | C9: =SUM(C10:C21) -> 5 | D9: =SUM(D10:D21) -> 1 | E9: =SUM(E10:E21) -> 420
A10: De 16 a 19 | B10: 10 | C10: 0 | D10: 0 | E10: =SUM(B10:D10) -> 10
A11: De 20 a 24 | B11: 47 | C11: 0 | D11: 0 | E11: =SUM(B11:D11) -> 47
A12: De 25 a 29 | B12: 49 | C12: 0 | D12: 0 | E12: =SUM(B12:D12) -> 49
A13: De 30 a 34 | B13: 43 | C13: 0 | D13: 0 | E13: =SUM(B13:D13) -> 43
A14: De 35 a 39 | B14: 51 | C14: 0 | D14: 0 | E14: =SUM(B14:D14) -> 51
A15: De 40 a 44 | B15: 40 | C15: 3 | D15: 0 | E15: =SUM(B15:D15) -> 43
A16: De 45 a 49 | B16: 44 | C16: 0 | D16: 0 | E16: =SUM(B16:D16) -> 44
A17: De 50 a 54 | B17: 52 | C17: 2 | D17: 1 | E17: =SUM(B17:D17) -> 55
A18: De 55 a 59 | B18: 46 | C18: 0 | D18: 0 | E18: =SUM(B18:D18) -> 46
A19: De 60 a 64 | B19: 25 | C19: 0 | D19: 0 | E19: =SUM(B19:D19) -> 25
A20: 65 o más años | B20: 2 | C20: 0 | D20: 0 | E20: =SUM(B20:D20) -> 2
A21: No consta | B21: 5 | C21: 0 | D21: 0 | E21: =SUM(B21:D21) -> 5
A22: HOMBRES | B22: =SUM(B23:B33) -> 179 | C22: =SUM(C23:C33) -> 2 | D22: =SUM(D23:D33) -> 1 | E22: =SUM(E23:E34) -> 186
A23: De 16 a 19 | B23: 9 | C23: 0 | D23: 0 | E23: =SUM(B23:D23) -> 9
A24: De 20 a 24 | B24: 34 | C24: 0 | D24: 0 | E24: =SUM(B24:D24) -> 34
A25: De 25 a 29 | B25: 25 | C25: 0 | D25: 0 | E25: =SUM(B25:D25) -> 25
A26: De 30 a 34 | B26: 16 | C26: 0 | D26: 0 | E26: =SUM(B26:D26) -> 16
A27: De 35 a 39 | B27: 22 | C27: 0 | D27: 0 | E27: =SUM(B27:D27) -> 22
A28: De 40 a 44 | B28: 11 | C28: 1 | D28: 0 | E28: =SUM(B28:D28) -> 12
A29: De 45 a 49 | B29: 19 | C29: 0 | D29: 0 | E29: =SUM(B29:D29) -> 19
A30: De 50 a 54 | B30: 18 | C30: 1 | D30: 1 | E30: =SUM(B30:D30) -> 20
A31: De 55 a 59 | B31: 15 | C31: 0 | D31: 0 | E31: =SUM(B31:D31) -> 15
A32: De 60 a 64 | B32: 10 | C32: 0 | D32: 0 | E32: =SUM(B32:D32) -> 10
A33: 65 o más años | B33: 0 | C33: 0 | D33: 0 | E33: =SUM(B33:D33) -> 0
A34: No consta | B34: 4 | C34: 0 | D34: 0 | E34: =SUM(B34:D34) -> 4
A35: MUJERES | B35: =SUM(B36:B47) -> 231 | C35: =SUM(C36:C47) -> 3 | D35: =SUM(D37:D47) -> 0 | E35: =SUM(B35:D35) -> 234
A36: De 16 a 19 | B36: =B10-B23 -> 1 | C36: =C10-C23 -> 0 | D36: =D10-D23 -> 0 | E36: =E10-E23 -> 1
A37: De 20 a 24 | B37: =B11-B24 -> 13 | C37: =C11-C24 -> 0 | D37: =D11-D24 -> 0 | E37: =E11-E24 -> 13
A38: De 25 a 29 | B38: =B12-B25 -> 24 | C38: =C12-C25 -> 0 | D38: =D12-D25 -> 0 | E38: =E12-E25 -> 24
A39: De 30 a 34 | B39: =B13-B26 -> 27 | C39: =C13-C26 -> 0 | D39: =D13-D26 -> 0 | E39: =E13-E26 -> 27
A40: De 35 a 39 | B40: =B14-B27 -> 29 | C40: =C14-C27 -> 0 | D40: =D14-D27 -> 0 | E40: =E14-E27 -> 29
A41: De 40 a 44 | B41: =B15-B28 -> 29 | C41: =C15-C28 -> 2 | D41: =D15-D28 -> 0 | E41: =E15-E28 -> 31
A42: De 45 a 49 | B42: =B16-B29 -> 25 | C42: =C16-C29 -> 0 | D42: =D16-D29 -> 0 | E42: =E16-E29 -> 25
A43: De 50 a 54 | B43: =B17-B30 -> 34 | C43: =C17-C30 -> 1 | D43: =D17-D30 -> 0 | E43: =E17-E30 -> 35
A44: De 55 a 59 | B44: =B18-B31 -> 31 | C44: =C18-C31 -> 0 | D44: =D18-D31 -> 0 | E44: =E18-E31 -> 31
A45: De 60 a 64 | B45: =B19-B32 -> 15 | C45: =C19-C32 -> 0 | D45: =D19-D32 -> 0 | E45: =E19-E32 -> 15
A46: 65 o más años | B46: =B20-B33 -> 2 | C46: =C20-C33 -> 0 | D46: =D20-D33 -> 0 | E46: =E20-E33 -> 2
A47: No consta | B47: =B21-B34 -> 1 | C47: =C21-C34 -> 0 | D47: =D21-D34 -> 0 | E47: =E21-E34 -> 1

Sheet ATR-A4
A1: ACCIDENTES DE TRABAJO | F1: Volver al índice
A3: ATR-A4. ACCIDENTES DE TRABAJO CON BAJA, EN JORNADA , SEGÚN GRAVEDAD,
A4: POR GRANDES GRUPOS DE OCUPACIÓN
A6: enero-octubre 2024
B8: Leves | C8: Graves | D8: Mortales | E8: TOTAL
A9: TOTAL | B9: =SUM(B11:B26) -> 3642 | C9: =SUM(C11:C26) -> 20 | D9: =SUM(D11:D26) -> 5 | E9: =SUM(B9:D9) -> 3667
A11: A- Directores y gerentes | B11: 18 | C11: 0 | D11: 0 | E11: =SUM(B11:D11) -> 18
A12: B- Técnicos y profesionales científicos e intelectuales de la salud y la enseñanza | B12: 66 | C12: 0 | D12: 0 | E12: =SUM(B12:D12) -> 66
A13: C- Otros técnicos y profesionales científicos e intelectuales | B13: 14 | C13: 0 | D13: 1 | E13: =SUM(B13:D13) -> 15
A14: D- Técnicos y profesionales de apoyo | B14: 202 | C14: 1 | D14: 0 | E14: =SUM(B14:D14) -> 203
A15: E- Empleados de oficina que no atienden al público | B15: 47 | C15: 1 | D15: 0 | E15: =SUM(B15:D15) -> 48
A16: F- Empleados de oficina que atienden al público | B16: 21 | C16: 0 | D16: 0 | E16: =SUM(B16:D16) -> 21
A17: G- Trabajadores de los servicios de restauración y comercio | B17: 338 | C17: 1 | D17: 0 | E17: =SUM(B17:D17) -> 339
A18: H- Trabajadores cualificados en el sector agrícola, ganadero, forestal y pesquero | B18: 249 | C18: 0 | D18: 0 | E18: =SUM(B18:D18) -> 249
A19: I- Trabajadores de los servicios de protección y seguridad | B19: 48 | C19: 0 | D19: 0 | E19: =SUM(B19:D19) -> 48
A20: J- Trabajadores cualificados en el sector agrícola, ganadero, forestal y pesquero | B20: 105 | C20: 2 | D20: 1 | E20: =SUM(B20:D20) -> 108
A21: K- Trabajadores cualificados de la construcción, excepto operadores de máquinas | B21: 373 | C21: 1 | D21: 1 | E21: =SUM(B21:D21) -> 375
A22: L- Trabajadores cualificados de las industrias manufactureras, excepto operadores de instalaciones y máquinas | B22: 683 | C22: 3 | D22: 1 | E22: =SUM(B22:D22) -> 687
... A27: Q- Ocupaciones militares | B27: 0 | C27: 0 | D27: 0 | E27: =SUM(B27:D27) -> 0

Sheet ATR-A4_II
A1: ACCIDENTES DE TRABAJO | F1: Volver al índice
A3: ATR-A4__II. ACCIDENTES DE TRABAJO CON BAJA, IN ITINERE, SEGÚN GRAVEDAD,
A4: POR GRANDES GRUPOS DE OCUPACIÓN
A6: enero-octubre 2024
B8: Leves | C8: Graves | D8: Mortales | E8: TOTAL
A9: TOTAL | B9: =SUM(B10:B25) -> 414 | C9: =SUM(C10:C25) -> 5 | D9: =SUM(D10:D25) -> 1 | E9: =SUM(B9:D9) -> 420
A10: A- Directores y gerentes | B10: 2 | C10: 0 | D10: 0 | E10: =SUM(B10:D10) -> 2
A11: B- Técnicos y profesionales científicos e intelectuales de la salud y la enseñanza | B11: 19 | C11: 0 | D11: 0 | E11: =SUM(B11:D11) -> 19
A12: C- Otros técnicos y profesionales científicos e intelectuales | B12: 11 | C12: 0 | D12: 0 | E12: =SUM(B12:D12) -> 11
A13: D- Técnicos y profesionales de apoyo | B13: 17 | C13: 0 | D13: 0 | E13: =SUM(B13:D13) -> 17
A14: E- Empleados de oficina que no atienden al público | B14: 22 | C14: 0 | D14: 0 | E14: =SUM(B14:D14) -> 22
A15: F- Empleados de oficina que atienden al público | B15: 21 | C15: 1 | D15: 0 | E15: =SUM(B15:D15) -> 22
A16: G- Trabajadores de los servicios de restauración y comercio | B16: 65 | C16: 0 | D16: 0 | E16: =SUM(B16:D16) -> 65
A17: H- Trabajadores cualificados en el sector agrícola, ganadero, forestal y pesquero | B17: 41 | C17: 0 | D17: 0 | E17: =SUM(B17:D17) -> 41
A18: I- Trabajadores de los servicios de protección y seguridad | B18: 4 | C18: 0 | D18: 0 | E18: =SUM(B18:D18) -> 4
A19: J- Trabajadores cualificados en el sector agrícola, ganadero, forestal y pesquero | B19: 5 | C19: 0 | D19: 0 | E19: =SUM(B19:D19) -> 5
A20: K- Trabajadores cualificados de la construcción, excepto operadores de máquinas | B20: 16 | C20: 0 | D20: 0 | E20: =SUM(B20:D20) -> 16
A21: L- Trabajadores cualificados de las industrias manufactureras, excepto operadores de instalaciones y máquinas | B21: 65 | C21: 1 | D21: 1 | E21: =SUM(B21:D21) -> 67
... A25: P- Peones de la agricultura, pesca, construcción, industrias manufactureras y transportes | B25: 57 | C25: 1 | D25: 0 | E25: =SUM(B25:D25) -> 58
A26: Se incluyen los accidentes que han causado baja en el periodo de referencia, recepcionados por la Autoridad Laboral Provincial (véanse Fuentes y Notas Explicativas). | B26: 0 | C26: 0

Sheet ATR-A5
A1: ACCIDENTES DE TRABAJO | F1: Volver al índice
A3: ATR-A5. ACCIDENTES DE TRABAJO CON BAJA, EN JORNADA, SEGÚN GRAVEDAD,
A4: POR TIPO DE LUGAR DONDE SE ENCONTRABA EL TRABAJADOR ACCIDENTADO
A6: enero-octubre 2024
B8: Leves | C8: Graves | D8: Mortales | E8: TOTAL
A9: TOTAL | B9: =SUM(B12:B14) -> 3642 | C9: =SUM(C12:C14) -> 20 | D9: =SUM(D12:D14) -> 5 | E9: =SUM(B9:D9) -> 3667
A11: TIPO DE LUGAR GENERAL
A12: En centro habitual | B12: 3226 | C12: 14 | D12: 1 | E12: =SUM(B12:D12) -> 3241
A13: En desplazamiento | B13: 247 | C13: 3 | D13: 2 | E13: =SUM(B13:D13) -> 252
A14: En otro centro | B14: 169 | C14: 3 | D14: 2 | E14: =SUM(B14:D14) -> 174
A16: TIPO DE LUGAR DETALLADO
A17: 011.- Lugar de producción, taller, fábrica | B17: 1290 | C17: 5 | D17: 2 | E17: =SUM(B17:D17) -> 1297
A18: 012.- Área de mantenimiento, taller de reparación | B18: 117 | C18: 1 | D18: 0 | E18: =SUM(B18:D18) -> 118
A19: 013.- Áreas destinadas principalmente a almacenamiento, carga, descarga | B19: 303 | C19: 5 | D19: 0 | E19: =SUM(B19:D19) -> 308
A20: 019.- Otros Tipos de lugar conocidos del grupo 010, pero no mencionados anteriormente | B20: 47 | C20: 1 | D20: 0 | E20: =SUM(B20:D20) -> 48
A21: 021.- Obras (edificio en construcción) | B21: 198 | C21: 1 | D21: 0 | E21: =SUM(B21:D21) -> 199
A22: 022.- Obras (edificio en demolición, renovación o mantenimiento) | B22: 56 | C22: 0 | D22: 0 | E22: =SUM(B22:D22) -> 56
A23: 023.- Cantera, mina a cielo abierto, excavación, zanja (incluidas las minas a cielo abierto y la canteras en explotación) | B23: 6 | C23: 0 | D23: 0 | E23: =SUM(B23:D23) -> 6
A24: 024.- Obras subterráneas | B24: 2 | C24: 0 | D24: 0 | E24: =SUM(B24:D24) -> 2
A25: 025.- Obras en el agua | B25: 1 | C25: 0 | D25: 0 | E25: =SUM(B25:D25) -> 1
A26: 029.- Otros tipos de lugar conocidos del grupo 020, pero no mencionados anteriormente | B26: 19 | C26: 0 | D26: 0 | E26: =SUM(B26:D26) -> 19
A27: 031.- Lugares de cría de animales | B27: 16 | C27: 0 | D27: 0 | E27: =SUM(B27:D27) -> 16
A28: 032.- Lugares agrícolas (cultivo del suelo) | B28: 80 | C28: 1 | D28: 0 | E28: =SUM(B28:D28) -> 81
... A51: 999.- Otros Tipos de lugar no codificados en esta clasificación | B51: 16 | C51: 0 | D51: 0 | E51: =SUM(B51:D51) -> 16

Sheet ATR-A5_II
A1: ACCIDENTES DE TRABAJO | F1: Volver al índice
A3: ATR-A5_II. ACCIDENTES DE TRABAJO CON BAJA, IN ITINERE, SEGÚN GRAVEDAD,
A4: POR TIPO DE LUGAR DONDE SE ENCONTRABA EL TRABAJADOR ACCIDENTADO
A6: enero-octubre 2024
B8: Leves | C8: Graves | D8: Mortales | E8: TOTAL
A9: TOTAL | B9: =SUM(B12:B40) -> 414 | C9: =SUM(C12:C40) -> 5 | D9: =SUM(D12:D40) -> 1 | E9: =SUM(E12:E40) -> 420
A11: TIPO DE LUGAR DETALLADO
A12: 011.- Lugar de producción, taller, fábrica | B12: 3 | C12: 0 | D12: 0 | E12: =SUM(B12:D12) -> 3
A13: 013.- Áreas destinadas principalmente a almacenamiento, carga, descarga | B13: 1 | C13: 0 | D13: 0 | E13: =SUM(B13:D13) -> 1
A14: 019.- Otros Tipos de lugar conocidos del grupo 010, pero no mencionados anteriormente | B14: 3 | C14: 0 | D14: 0 | E14: =SUM(B14:D14) -> 3
A15: 021.- Obras (edificio en construcción) | B15: 2 | C15: 0 | D15: 0 | E15: =SUM(B15:D15) -> 2
A16: 036.- Jardines, parques, jardines florales, parques zoológicos | B16: 3 | C16: 0 | D16: 0 | E16: =SUM(B16:D16) -> 3
A17: 041.- Oficinas, salas de reunión, bibliotecas, etc. | B17: 1 | C17: 0 | D17: 0 | E17: =SUM(B17:D17) -> 1
A18: 043.- Lugares de venta, pequeños o grandes (incluida la venta ambulante) | B18: 5 | C18: 0 | D18: 0 | E18: =SUM(B18:D18) -> 5
A19: 044.- Restaurantes, lugares de ocio, lugares de alojamiento (incluidos museos, lugares destinados a espectáculos, ferias, etc.) | B19: 2 | C19: 0 | D19: 0 | E19: =SUM(B19:D19) -> 2
A20: 051.- Centros sanitarios, clínicas, hospitales, guarderías | B20: 3 | C20: 0 | D20: 0 | E20: =SUM(B20:D20) -> 3
A21: 059.- Otros Tipos de lugar conocidos del grupo 050, pero no mencionados anteriormente | B21: 1 | C21: 0 | D21: 0 | E21: =SUM(B21:D21) -> 1
A22: 061.- Lugares abiertos permanentemente al público (vías de acceso, de circulación, zona de estacionamiento, sala de espera de estación aeropuerto, etc.) | B22: 259 | C22: 5 | D22: 0 | E22: =SUM(B22:D22) -> 264
A23: 062.- Medio de transporte. Terrestre, carretera o ferrocarril.Privado o público (sea cual fuere tren, autobús, automóvil, etc.) | B23: 95 | C23: 0 | D23: 1 | E23: =SUM(B23:D23) -> 96
... A31: 109.- Otros Tipos de lugar conocidos del grupo 100, con excepción de las obras, no mencionados anteriormente | B31: 1 | C31: 0 | D31: 0 | E31: =SUM(B31:D31) -> 1

Sheet ATR-A6
A1: ACCIDENTES DE TRABAJO | F1: Volver al índice
A3: ATR-A6. ACCIDENTES DE TRABAJO CON BAJA, EN JORNADA, SEGÚN GRAVEDAD,
A4: POR ACTIVIDAD FÍSICA QUE REALIZABA EL TRABAJADOR ACCIDENTADO
A6: enero-octubre 2024
B8: Leves | C8: Graves | D8: Mortales | E8: TOTAL
A9: TOTAL | B9: =SUM(B11:B59) -> 3642 | C9: =SUM(C11:C59) -> 20 | D9: =SUM(D11:D59) -> 5 | E9: =SUM(E11:E59) -> 3667
A11: 00.- Ninguna información | B11: 3 | C11: 0 | D11: 0 | E11: =SUM(B11:D11) -> 3
A12: 11.- Arrancar la máquina, parar la máquina | B12: 19 | C12: 0 | D12: 0 | E12: =SUM(B12:D12) -> 19
A13: 12.- Alimentar la máquina, vaciar la máquina | B13: 58 | C13: 0 | D13: 0 | E13: =SUM(B13:D13) -> 58
A14: 13.- Vigilar la máquina, hacer funcionar - conducir la máquina | B14: 62 | C14: 1 | D14: 0 | E14: =SUM(B14:D14) -> 63
A15: 19.- Otra actividad física específica conocida del grupo 10 pero no mencionada anteriormente | B15: 72 | C15: 3 | D15: 0 | E15: =SUM(B15:D15) -> 75
A16: 21.- Trabajar con herramientas manuales sin motor | B16: 345 | C16: 0 | D16: 1 | E16: =SUM(B16:D16) -> 346
A17: 22.- Trabajar con herramientas manuales con motor | B17: 128 | C17: 0 | D17: 0 | E17: =SUM(B17:D17) -> 128
A18: 29.- Otra actividad física específica conocida del grupo 20 pero no mencionada anteriormente | B18: 13 | C18: 0 | D18: 0 | E18: =SUM(B18:D18) -> 13
A19: 31.- Conducir un medio de transporte o un equipo de carga - móvil y con motor | B19: 149 | C19: 2 | D19: 1 | E19: =SUM(B19:D19) -> 152
A20: 32.- Conducir un medio de transporte o un equipo de carga - móvil y sin motor | B20: 18 | C20: 1 | D20: 0 | E20: =SUM(B20:D20) -> 19
A21: 33.- Ser pasajero a bordo de un medio de transporte | B21: 11 | C21: 0 | D21: 0 | E21: =SUM(B21:D21) -> 11
A22: 39.- Otra física específica conocida del grupo 30 pero no mencionada anteriormente | B22: 5 | C22: 0 | D22: 0 | E22: =SUM(B22:D22) -> 5
... A43: 99.- Otra actividad física específica no codificada en esta clasificación | B43: 6 | C43: 0 | D43: 0 | E43: =SUM(B43:D43) -> 6

Sheet ATR-A6_II
A1: ACCIDENTES DE TRABAJO | F1: Volver al índice
A3: ATR-A6_II. ACCIDENTES DE TRABAJO CON BAJA, IN ITINERE, SEGÚN GRAVEDAD,
A4: POR ACTIVIDAD FÍSICA QUE REALIZABA EL TRABAJADOR ACCIDENTADO
A6: enero-octubre 2024
B8: Leves | C8: Graves | D8: Mortales | E8: TOTAL
A9: TOTAL | B9: =SUM(B11:B30) -> 414 | C9: =SUM(C11:C30) -> 5 | D9: =SUM(D11:D30) -> 1 | E9: =SUM(E11:E30) -> 420
A11: 00.- Ninguna información | B11: 3 | C11: 0 | D11: 0 | E11: =SUM(B11:D11) -> 3
A12: 31.- Conducir un medio de transporte o un equipo de carga - móvil y con motor | B12: 196 | C12: 3 | D12: 1 | E12: =SUM(B12:D12) -> 200
A13: 32.- Conducir un medio de transporte o un equipo de carga - móvil y sin motor | B13: 32 | C13: 0 | D13: 0 | E13: =SUM(B13:D13) -> 32
A14: 33.- Ser pasajero a bordo de un medio de transporte | B14: 26 | C14: 0 | D14: 0 | E14: =SUM(B14:D14) -> 26
A15: 39.- Otra física específica conocida del grupo 30 pero no mencionada anteriormente | B15: 2 | C15: 0 | D15: 0 | E15: =SUM(B15:D15) -> 2
A16: 41.- Coger con la mano, agarrar, asir, sujetar en la mano, poner - en un plano horizontal | B16: 5 | C16: 0 | D16: 0 | E16: =SUM(B16:D16) -> 5
A17: 42.- Ligar, atar, arrancar, deshacer, prensar, destornillar, atornillar, girar | B17: 1 | C17: 0 | D17: 0 | E17: =SUM(B17:D17) -> 1
A18: 47.- Abrir (un cajón), empujar (una puerta de un hangar, de un despacho, de un armario) | B18: 2 | C18: 0 | D18: 0 | E18: =SUM(B18:D18) -> 2
A19: 51.- Transportar verticalmente - alzar, levantar, bajar, etc, un objeto | B19: 1 | C19: 0 | D19: 0 | E19: =SUM(B19:D19) -> 1
A20: 59.- Otra actividad física específica conocida del grupo 50 pero no mencionada anteriormente | B20: 1 | C20: 0 | D20: 0 | E20: =SUM(B20:D20) -> 1
A21: 61.- Andar, correr, subir, bajar, etc | B21: 120 | C21: 0 | D21: 0 | E21: =SUM(B21:D21) -> 120
A22: 62.- Entrar, salir | B22: 9 | C22: 0 | D22: 0 | E22: =SUM(B22:D22) -> 9
... A26: 99.- Otra actividad física específica no codificada en esta clasificación | B26: 1 | C26: 0 | D26: 0 | E26: =SUM(B26:D26) -> 1

Sheet ATR-A7
A1: ACCIDENTES DE TRABAJO | F1: Volver al índice
A3: ATR-A7. ACCIDENTES DE TRABAJO CON BAJA, EN JORNADA, SEGÚN GRAVEDAD,
A4: POR DESVIACIÓN QUE PRODUJO EL ACCIDENTE
A6: enero-octubre 2024
B8: Leves | C8: Graves | D8: Mortales | E8: TOTAL
A9: TOTAL | B9: =SUM(B11:B56) -> 3642 | C9: =SUM(C11:C56) -> 20 | D9: =SUM(D11:D56) -> 5 | E9: =SUM(E11:E56) -> 3667
A11: 00.- Ninguna información | B11: 15 | C11: 0 | D11: 0 | E11: =SUM(B11:D11) -> 15
A12: 11.- Problema eléctrico causado por fallo en la instalación-que da lugar a un contacto indirecto | B12: 1 | C12: 0 | D12: 0 | E12: =SUM(B12:D12) -> 1
A13: 12.- Problema eléctrico-que da lugar a un contacto directo | B13: 1 | C13: 0 | D13: 0 | E13: =SUM(B13:D13) -> 1
A14: 14.- Incendio, fuego | B14: 3 | C14: 0 | D14: 0 | E14: =SUM(B14:D14) -> 3
A15: 19.- Otra desviación conocida del grupo 10 pero no mencionada anteriormente | B15: 30 | C15: 0 | D15: 0 | E15: =SUM(B15:D15) -> 30
A16: 21.- En estado de sólido-desbordamiento, vuelco | B16: 8 | C16: 0 | D16: 0 | E16: =SUM(B16:D16) -> 8
A17: 22.- En estado líquido-escape, rezumamiento, derrame, salpicadura, aspersión | B17: 26 | C17: 1 | D17: 0 | E17: =SUM(B17:D17) -> 27
A18: 23.- En estado gaseoso-vaporización, formación de aerosoles, formación de gases | B18: 4 | C18: 0 | D18: 0 | E18: =SUM(B18:D18) -> 4
A19: 24.- Pulverulento-emanación de humos, emisión de polvo, partículas | B19: 11 | C19: 0 | D19: 0 | E19: =SUM(B19:D19) -> 11
A20: 29.- Otra desviación conocida del grupo 20 pero no mencionada anteriormente | B20: 5 | C20: 0 | D20: 0 | E20: =SUM(B20:D20) -> 5
A21: 31.- Rotura de material, en las juntas, en las conexiones | B21: 13 | C21: 0 | D21: 0 | E21: =SUM(B21:D21) -> 13
A22: 32.- Rotura, estallido, en fragmentos (madera, cristal, metal, piedra, plástico, otros) | B22: 37 | C22: 0 | D22: 0 | E22: =SUM(B22:D22) -> 37
... A53: 99.- Otra Desviación no codificada en esta clasificación | B53: 75 | C53: 0 | D53: 1 | E53: =SUM(B53:D53) -> 76

Sheet ATR-A7_II
A1: ACCIDENTES DE TRABAJO | F1: Volver al índice
A3: ATR-A7_II. ACCIDENTES DE TRABAJO CON BAJA,IN ITINERE, SEGÚN GRAVEDAD,
A4: POR DESVIACIÓN QUE PRODUJO EL ACCIDENTE
A6: enero-octubre 2024
B8: Leves | C8: Graves | D8: Mortales | E8: TOTAL
A9: TOTAL | B9: =SUM(B11:B44) -> 414 | C9: =SUM(C11:C44) -> 5 | D9: =SUM(D11:D44) -> 1 | E9: =SUM(E11:E44) -> 420
A11: 00.- Ninguna información | B11: 3 | C11: 0 | D11: 0 | E11: =SUM(B11:D11) -> 3
A12: 22.- En estado líquido-escape, rezumamiento, derrame, salpicadura, aspersión | B12: 1 | C12: 0 | D12: 0 | E12: =SUM(B12:D12) -> 1
A13: 33.- Resbalón, caída, derrumbamiento de agente material-superior (que cae sobre la víctima) | B13: 4 | C13: 0 | D13: 0 | E13: =SUM(B13:D13) -> 4
A14: 34.- Resbalón, caída, derrumbamiento de agente material-inferior (que arrastra a la víctima) | B14: 3 | C14: 0 | D14: 0 | E14: =SUM(B14:D14) -> 3
A15: 35.- Resbalón, caída, derrumbamiento de agente material-al mismo nivel | B15: 3 | C15: 0 | D15: 0 | E15: =SUM(B15:D15) -> 3
A16: 39.- Otra desviación conocida del grupo 30 pero no mencionada anteriormente | B16: 1 | C16: 0 | D16: 0 | E16: =SUM(B16:D16) -> 1
A17: 42.- Pérdida (total o parcial) de control-de medio de transporte-de equipo de carga (con motor o sin él) | B17: 175 | C17: 2 | D17: 1 | E17: =SUM(B17:D17) -> 178
A18: 43.- Pérdida (total o parcial) de control-de herramienta manual (con motor o sin él), as? como de la materia sobre la que se trabaje con la herramienta | B18: 2 | C18: 0 | D18: 0 | E18: =SUM(B18:D18) -> 2
A19: 44.- Pérdida (total o parcial) de control-de objeto (transportado, desplazado, manipulado, etc) | B19: 4 | C19: 0 | D19: 0 | E19: =SUM(B19:D19) -> 4
A20: 45.- Pérdida (total o parcial) de control-de animal | B20: 1 | C20: 0 | D20: 0 | E20: =SUM(B20:D20) -> 1
A21: 49.- Otra desviación conocida del grupo 40 pero no mencionada anteriormente | B21: 2 | C21: 0 | D21: 0 | E21: =SUM(B21:D21) -> 2
A22: 51.- Caída de una persona-desde una altura | B22: 14 | C22: 0 | D22: 0 | E22: =SUM(B22:D22) -> 14
... A33: 99.- Otra Desviación no codificada en esta clasificación | B33: 13 | C33: 2 | D33: 0 | E33: =SUM(B33:D33) -> 15

Sheet ATR-A8
A1: ACCIDENTES DE TRABAJO | F1: Volver al índice
A3: ATR-A8. ACCIDENTES DE TRABAJO CON BAJA, EN JORNADA, SEGÚN GRAVEDAD,
A4: POR FORMA O CONTACTO QUE PRODUJO LA LESIÓN
A6: enero-octubre 2024
B8: Leves | C8: Graves | D8: Mortales | E8: TOTAL
A9: TOTAL | B9: =SUM(B11:B60) -> 3642 | C9: =SUM(C11:C60) -> 20 | D9: =SUM(D11:D60) -> 5 | E9: =SUM(E11:E60) -> 3667
A11: Sin información | B11: 7 | C11: 0 | D11: 0 | E11: =SUM(B11:D11) -> 7
A12: 12.- Contacto directo con la electricidad, recibir una descarga eléctrica en el cuerpo | B12: 1 | C12: 0 | D12: 0 | E12: =SUM(B12:D12) -> 1
A13: 13.- Contacto con llamas directas u objetos o entornos-con elevada temperatura o en llamas | B13: 30 | C13: 0 | D13: 0 | E13: =SUM(B13:D13) -> 30
A14: 14.- Contacto con objeto o entorno-frío o helado | B14: 2 | C14: 0 | D14: 0 | E14: =SUM(B14:D14) -> 2
A15: 15.- Contacto con sustancias peligrosas-a través de la nariz, la boca, por inhalación | B15: 9 | C15: 0 | D15: 0 | E15: =SUM(B15:D15) -> 9
A16: 16.- Contacto con sustancias peligrosas-sobre o a través de la piel y de los ojos | B16: 36 | C16: 1 | D16: 0 | E16: =SUM(B16:D16) -> 37
A17: 17.- Contacto con sustancias peligrosas-a través del sistema digestivo: tragando o comiendo | B17: 1 | C17: 0 | D17: 0 | E17: =SUM(B17:D17) -> 1
A18: 19.- Otro contacto-Tipo de lesión conocido del grupo 10 pero no mencionado anteriormente | B18: 35 | C18: 0 | D18: 0 | E18: =SUM(B18:D18) -> 35
A19: 21.- Ahogamiento en un líquido | B19: 1 | C19: 0 | D19: 0 | E19: =SUM(B19:D19) -> 1
A20: 23.- Envuelto por, rodeado de gases o de partículas en suspensión | B20: 1 | C20: 0 | D20: 0 | E20: =SUM(B20:D20) -> 1
A21: 29.- Otro contacto-Tipo de lesión conocido del grupo 20 pero no mencionado anteriormente | B21: 1 | C21: 0 | D21: 0 | E21: =SUM(B21:D21) -> 1
A22: 31.- Aplastamiento sobre o contra, resultado de una caída | B22: 590 | C22: 2 | D22: 3 | E22: =SUM(B22:D22) -> 595
... A49: 99.- Otro contacto-Tipo de lesión no codificado en la presente clasificación | B49: 4 | C49: 0 | D49: 0 | E49: =SUM(B49:D49) -> 4

Sheet ATR-A8_II
A1: ACCIDENTES DE TRABAJO | F1: Volver al índice
A3: ATR-A8_II. ACCIDENTES DE TRABAJO CON BAJA, IN ITINERE, SEGÚN GRAVEDAD,
A4: POR FORMA O CONTACTO QUE PRODUJO LA LESIÓN
A6: enero-octubre 2024
B8: Leves | C8: Graves | D8: Mortales | E8: TOTAL
A9: TOTAL | B9: =SUM(B11:B32) -> 414 | C9: =SUM(C12:C32) -> 5 | D9: =SUM(D12:D32) -> 1 | E9: =SUM(B9:D9) -> 420
A11: Sin información | B11: 1 | C11: 0 | D11: 0 | E11: =SUM(B11:D11) -> 1
A12: 14.- Contacto con objeto o entorno-frío o helado | B12: 1 | C12: 0 | D12: 0 | E12: =SUM(B12:D12) -> 1
A13: 31.- Aplastamiento sobre o contra, resultado de una caída | B13: 101 | C13: 1 | D13: 0 | E13: =SUM(B13:D13) -> 102
A14: 32.- Aplastamiento sobre o contra, resultado de un tropiezo o choque contra un objeto inmóvil | B14: 30 | C14: 0 | D14: 0 | E14: =SUM(B14:D14) -> 30
A15: 39.- Otro contacto-Tipo de lesión conocido del grupo 30 pero no mencionado anteriormente | B15: 1 | C15: 0 | D15: 0 | E15: =SUM(B15:D15) -> 1
A16: 41.- Choque o golpe contra un objeto-proyectado | B16: 8 | C16: 1 | D16: 0 | E16: =SUM(B16:D16) -> 9
A17: 42.- Choque o golpe contra un objeto-que cae | B17: 7 | C17: 0 | D17: 0 | E17: =SUM(B17:D17) -> 7
A18: 43.- Choque o golpe contra un objeto-en balanceo | B18: 3 | C18: 0 | D18: 0 | E18: =SUM(B18:D18) -> 3
A19: 44.- Choque o golpe contra un objeto (incluidos los vehículos)-en movimiento | B19: 115 | C19: 1 | D19: 0 | E19: =SUM(B19:D19) -> 116
A20: 45.- Colisión con un objeto (incluidos los vehículos)-colisión con una persona (la víctima está en movimiento) | B20: 114 | C20: 1 | D20: 1 | E20: =SUM(B20:D20) -> 116
A21: 49.- Otro contacto-Tipo de lesión conocido del grupo 40 pero no mencionado anteriormente | B21: 4 | C21: 1 | D21: 0 | E21: =SUM(B21:D21) -> 5
A22: 51.- Contacto con un agente material cortante (cuchillo u hoja) | B22: 1 | C22: 0 | D22: 0 | E22: =SUM(B22:D22) -> 1
... A28: 99.- Otro contacto-Tipo de lesión no codificado en la presente clasificación | B28: 1 | C28: 0 | D28: 0 | E28: =SUM(B28:D28) -> 1
E29: =SUM(B29:D29) -> 0

Sheet ATR-A9
A1: ACCIDENTES DE TRABAJO | F1: Volver al índice
A3: ATR-A9. ACCIDENTES DE TRABAJO CON BAJA, EN JORNADA, SEGÚN GRAVEDAD,
A4: POR DESCRIPCIÓN DE LA LESIÓN
A6: enero-octubre 2024
B7: EN JORNADA
B8: Leves | C8: Graves | D8: Mortales | E8: TOTAL
A9: TOTAL | B9: =SUM(B11:B38) -> 3642 | C9: =SUM(C11:C38) -> 20 | D9: =SUM(D11:D38) -> 5 | E9: =SUM(E11:E38) -> 3667
A11: 000-Tipo de lesión desconocida o sin especificar | B11: 15 | C11: 0 | D11: 0 | E11: =SUM(B11:D11) -> 15
A12: 011-Lesiones superficiales | B12: 388 | C12: 1 | D12: 0 | E12: =SUM(B12:D12) -> 389
A13: 012-Heridas abiertas | B13: 424 | C13: 1 | D13: 0 | E13: =SUM(B13:D13) -> 425
A14: 019-Otros tipos de heridas y lesiones superficiales | B14: 477 | C14: 2 | D14: 0 | E14: =SUM(B14:D14) -> 479
A15: 021-Fracturas cerradas | B15: 192 | C15: 4 | D15: 0 | E15: =SUM(B15:D15) -> 196
A16: 022-Fracturas abiertas | B16: 18 | C16: 1 | D16: 0 | E16: =SUM(B16:D16) -> 19
A17: 029-Otros tipos de fracturas de huesos | B17: 35 | C17: 0 | D17: 0 | E17: =SUM(B17:D17) -> 35
A18: 031-Dislocaciones y subluxaciones | B18: 205 | C18: 0 | D18: 0 | E18: =SUM(B18:D18) -> 205
A19: 032-Esguinces y torceduras | B19: 783 | C19: 0 | D19: 0 | E19: =SUM(B19:D19) -> 783
A20: 039-Otros tipos de dislocaciones, esguinces y torceduras | B20: 276 | C20: 0 | D20: 0 | E20: =SUM(B20:D20) -> 276
A21: 040-Amputaciones traumáticas (pérdida de partes del cuerpo) | B21: 10 | C21: 2 | D21: 0 | E21: =SUM(B21:D21) -> 12
A22: 051-Conmociones y lesiones intracraneales | B22: 6 | C22: 0 | D22: 0 | E22: =SUM(B22:D22) -> 6
... A38: 999-Otras lesiones especificadas no incluidas en otros apartados | B38: 61 | C38: 0 | D38: 0 | E38: =SUM(B38:D38) -> 61

Sheet ATR-A9_II
A1: ACCIDENTES DE TRABAJO | F1: Volver al índice
A3: ATR-A9_II. ACCIDENTES DE TRABAJO CON BAJA, IN ITINERE, SEGÚN GRAVEDAD,
A4: POR DESCRIPCIÓN DE LA LESIÓN
A6: enero-octubre 2024
B8: Leves | C8: Graves | D8: Mortales | E8: TOTAL
A9: TOTAL | B9: =SUM(B11:B100) -> 414 | C9: =SUM(C11:C100) -> 5 | D9: =SUM(D11:D100) -> 1 | E9: =SUM(E11:E100) -> 420
A11: 000-Tipo de lesión desconocida o sin especificar | B11: 3 | C11: 0 | D11: 0 | E11: =SUM(B11:D11) -> 3
A12: 011-Lesiones superficiales | B12: 28 | C12: 0 | D12: 0 | E12: =SUM(B12:D12) -> 28
A13: 012-Heridas abiertas | B13: 10 | C13: 0 | D13: 0 | E13: =SUM(B13:D13) -> 10
A14: 019-Otros tipos de heridas y lesiones superficiales | B14: 58 | C14: 0 | D14: 0 | E14: =SUM(B14:D14) -> 58
A15: 021-Fracturas cerradas | B15: 32 | C15: 1 | D15: 0 | E15: =SUM(B15:D15) -> 33
A16: 029-Otros tipos de fracturas de huesos | B16: 6 | C16: 0 | D16: 0 | E16: =SUM(B16:D16) -> 6
A17: 031-Dislocaciones y subluxaciones | B17: 26 | C17: 1 | D17: 0 | E17: =SUM(B17:D17) -> 27
A18: 032-Esguinces y torceduras | B18: 119 | C18: 0 | D18: 0 | E18: =SUM(B18:D18) -> 119
A19: 039-Otros tipos de dislocaciones, esguinces y torceduras | B19: 34 | C19: 0 | D19: 0 | E19: =SUM(B19:D19) -> 34
A20: 040-Amputaciones traumáticas (pérdida de partes del cuerpo) | B20: 1 | C20: 0 | D20: 0 | E20: =SUM(B20:D20) -> 1
A21: 052-Lesiones internas | B21: 57 | C21: 2 | D21: 0 | E21: =SUM(B21:D21) -> 59
A22: 059-Otros tipos de conmoción y lesiones internas | B22: 4 | C22: 0 | D22: 0 | E22: =SUM(B22:D22) -> 4
... A26: 999-Otras lesiones especificadas no incluidas en otros apartados | B26: 5 | C26: 0 | D26: 0 | E26: =SUM(B26:D26) -> 5

Sheet ATR-A10
A1: ACCIDENTES DE TRABAJO | F1: Volver al índice
A3: ATR-A10. ACCIDENTES DE TRABAJO CON BAJA, EN JORNADA, SEGÚN GRAVEDAD,
A4: POR PARTE DEL CUERPO LESIONADA
A6: enero-octubre 2024
B8: Leves | C8: Graves | D8: Mortales | E8: TOTAL
A9: TOTAL | B9: =SUM(B11:B67) -> 3642 | C9: =SUM(C11:C67) -> 20 | D9: =SUM(D11:D67) -> 5 | E9: =SUM(E11:E67) -> 3667
A11: 00.- Parte del cuerpo afectada, sin especificar | B11: 3 | C11: 0 | D11: 0 | E11: =SUM(B11:D11) -> 3
A12: 11.- Cabeza (Caput), cerebro, nervios craneanos y vasos cerebrales | B12: 19 | C12: 0 | D12: 0 | E12: =SUM(B12:D12) -> 19
A13: 12.- Zona facial | B13: 28 | C13: 2 | D13: 0 | E13: =SUM(B13:D13) -> 30
A14: 13.- Ojo(s) | B14: 83 | C14: 1 | D14: 0 | E14: =SUM(B14:D14) -> 84
A15: 14.- Oreja(s) | B15: 3 | C15: 0 | D15: 0 | E15: =SUM(B15:D15) -> 3
A16: 15.- Dientes | B16: 2 | C16: 0 | D16: 0 | E16: =SUM(B16:D16) -> 2
A17: 18.- Cabeza, múltiples partes afectadas | B17: 5 | C17: 0 | D17: 0 | E17: =SUM(B17:D17) -> 5
A18: 19.- Cabeza, otras partes no mencionadas anteriormente | B18: 35 | C18: 3 | D18: 0 | E18: =SUM(B18:D18) -> 38
A19: 21.- Cuello, incluida la columna y las vértebras del cuello | B19: 75 | C19: 1 | D19: 0 | E19: =SUM(B19:D19) -> 76
A20: 29.- Cuello, otras partes no mencionadas anteriormente | B20: 29 | C20: 1 | D20: 0 | E20: =SUM(B20:D20) -> 30
A21: 31.- Espalda, incluida la columna y las vértebras de la espalda | B21: 391 | C21: 1 | D21: 0 | E21: =SUM(B21:D21) -> 392
A22: 39.- Espalda, otras partes no mencionadas anteriormente | B22: 111 | C22: 0 | D22: 0 | E22: =SUM(B22:D22) -> 111
... A44: 99.- Otras partes del cuerpo no mencionadas anteriormente | B44: 5 | C44: 0 | D44: 0 | E44: =SUM(B44:D44) -> 5

Sheet ATR-A10_II
A1: ACCIDENTES DE TRABAJO | F1: Volver al índice
A3: ATR-A10_II. ACCIDENTES DE TRABAJO CON BAJA, IN ITINERE, SEGÚN GRAVEDAD,
A4: POR PARTE DEL CUERPO LESIONADA
A6: enero-octubre 2024
B8: Leves | C8: Graves | D8: Mortales | E8: TOTAL
A9: TOTAL | B9: =SUM(B11:B40) -> 414 | C9: =SUM(C11:C40) -> 5 | D9: =SUM(D11:D40) -> 1 | E9: =SUM(E11:E40) -> 420
A11: 00.- Parte del cuerpo afectada, sin especificar | B11: 1 | C11: 0 | D11: 0 | E11: =SUM(B11:D11) -> 1
A12: 12.- Zona facial | B12: 1 | C12: 0 | D12: 0 | E12: =SUM(B12:D12) -> 1
A13: 15.- Dientes | B13: 1 | C13: 0 | D13: 0 | E13: =SUM(B13:D13) -> 1
A14: 18.- Cabeza, múltiples partes afectadas | B14: 3 | C14: 0 | D14: 0 | E14: =SUM(B14:D14) -> 3
A15: 19.- Cabeza, otras partes no mencionadas anteriormente | B15: 1 | C15: 0 | D15: 0 | E15: =SUM(B15:D15) -> 1
A16: 21.- Cuello, incluida la columna y las vértebras del cuello | B16: 75 | C16: 2 | D16: 0 | E16: =SUM(B16:D16) -> 77
A17: 29.- Cuello, otras partes no mencionadas anteriormente | B17: 20 | C17: 0 | D17: 0 | E17: =SUM(B17:D17) -> 20
A18: 31.- Espalda, incluida la columna y las vértebras de la espalda | B18: 22 | C18: 1 | D18: 0 | E18: =SUM(B18:D18) -> 23
A19: 39.- Espalda, otras partes no mencionadas anteriormente | B19: 12 | C19: 0 | D19: 0 | E19: =SUM(B19:D19) -> 12
A20: 41.- Caja toracica, costillas, incluidos omoplatos y articulaciones acromioclaviculares | B20: 10 | C20: 0 | D20: 0 | E20: =SUM(B20:D20) -> 10
A21: 42.- Región torácica, incluidos sus órganos | B21: 1 | C21: 0 | D21: 0 | E21: =SUM(B21:D21) -> 1
A22: 48.- Tronco, múltiples partes afectadas | B22: 3 | C22: 0 | D22: 0 | E22: =SUM(B22:D22) -> 3
... A38: 99.- Otras partes del cuerpo no mencionadas anteriormente | B38: 2 | C38: 0 | D38: 0 | E38: =SUM(B38:D38) -> 2

Sheet ATR-A11
A1: ACCIDENTES DE TRABAJO | F1: Volver al índice
A3: ATR-A11. ACCIDENTES DE TRABAJO CON BAJA, EN JORNADA, SEGÚN TIPO DE CONTRATO
A4: DEL ACCIDENTADO
A6: enero-octubre 2024
B8: Leves | C8: Graves | D8: Mortales | E8: TOTAL
A9: TOTAL | B9: =SUM(B11:B41) -> 3642 | C9: =SUM(C11:C41) -> 20 | D9: =SUM(D11:D41) -> 5 | E9: =SUM(B9:D9) -> 3667
A11: 01.- Indefinido tiempo completo | B11: 2360 | C11: 12 | D11: 4 | E11: =SUM(B11:D11) -> 2376
A12: 02.- Indefinido tiempo parcial | B12: 270 | C12: 2 | D12: 0 | E12: =SUM(B12:D12) -> 272
A13: 03.- Temporal tiempo completo | B13: 448 | C13: 1 | D13: 0 | E13: =SUM(B13:D13) -> 449
A14: 04.- Temporal tiempo parcial | B14: 98 | C14: 0 | D14: 0 | E14: =SUM(B14:D14) -> 98
A15: 05.- Indefinido (fijo discontinuo) | B15: 187 | C15: 3 | D15: 0 | E15: =SUM(B15:D15) -> 190
A16: 06.- Otros | B16: 270 | C16: 2 | D16: 1 | E16: =SUM(B16:D16) -> 273
A17: 99.- No consta | B17: 9 | C17: 0 | D17: 0 | E17: =SUM(B17:D17) -> 9

Sheet ATR-A11_II
A1: ACCIDENTES DE TRABAJO | F1: Volver al índice
A3: ATR-A11. ACCIDENTES DE TRABAJO CON BAJA, IN ITINERE, SEGÚN TIPO DE CONTRATO
A4: DEL ACCIDENTADO
A6: enero-octubre 2024
B8: Leves | C8: Graves | D8: Mortales | E8: TOTAL
A9: TOTAL | B9: =SUM(B11:B38) -> 414 | C9: =SUM(C11:C38) -> 5 | D9: =SUM(D11:D38) -> 1 | E9: =SUM(B9:D9) -> 420
A11: 01.- Indefinido tiempo completo | B11: 236 | C11: 3 | D11: 1 | E11: =SUM(B11:D11) -> 240
A12: 02.- Indefinido tiempo parcial | B12: 44 | C12: 1 | D12: 0 | E12: =SUM(B12:D12) -> 45
A13: 03.- Temporal tiempo completo | B13: 77 | C13: 1 | D13: 0 | E13: =SUM(B13:D13) -> 78
A14: 04.- Temporal tiempo parcial | B14: 23 | C14: 0 | D14: 0 | E14: =SUM(B14:D14) -> 23
A15: 05.- Indefinido (fijo discontinuo) | B15: 23 | C15: 0 | D15: 0 | E15: =SUM(B15:D15) -> 23
A16: 06.- Otros | B16: 11 | C16: 0 | D16: 0 | E16: =SUM(B16:D16) -> 11
A17: 99.- No consta | B17: 0 | C17: 0 | D17: 0 | E17: =SUM(B17:D17) -> 0

Sheet ATR-A12
A1: ACCIDENTES DE TRABAJO | F1: Volver al índice
A3: ATR-A12. ACCIDENTES DE TRABAJO CON BAJA, EN JORNADA, SEGÚN ANTIGÜEDAD
A4: DEL ACCIDENTADO EN LA EMPRESA
A6: enero-octubre 2024
B8: Leves | C8: Graves | D8: Mortales | E8: TOTAL
A9: TOTAL | B9: =SUM(B11:B26) -> 3642 | C9: =SUM(C11:C26) -> 20 | D9: =SUM(D11:D26) -> 5 | E9: =SUM(B9:D9) -> 3667
A11: 01.- Menos de 1 mes | B11: 293 | C11: 3 | D11: 0 | E11: =SUM(B11:D11) -> 296
A12: 02.- De 1 a 3 meses | B12: 405 | C12: 0 | D12: 0 | E12: =SUM(B12:D12) -> 405
A13: 03.- De 4 a 6 meses | B13: 221 | C13: 0 | D13: 0 | E13: =SUM(B13:D13) -> 221
A14: 04.- De 7 a 12 meses | B14: 374 | C14: 3 | D14: 0 | E14: =SUM(B14:D14) -> 377
A15: 05.- De 13 meses a 2 años | B15: 472 | C15: 5 | D15: 0 | E15: =SUM(B15:D15) -> 477
A16: 06.- De 2 a 5 años | B16: 662 | C16: 1 | D16: 1 | E16: =SUM(B16:D16) -> 664
A17: 07.- De 5 a 10 años | B17: 509 | C17: 3 | D17: 0 | E17: =SUM(B17:D17) -> 512
A18: 08.- De 10 a 15 años | B18: 213 | C18: 2 | D18: 0 | E18: =SUM(B18:D18) -> 215
A19: 09.- De 15 a 20 años | B19: 209 | C19: 0 | D19: 2 | E19: =SUM(B19:D19) -> 211
A20: 10.- De 20 a 25 años | B20: 142 | C20: 1 | D20: 1 | E20: =SUM(B20:D20) -> 144
A21: 11.- Más de 25 años | B21: 142 | C21: 2 | D21: 1 | E21: =SUM(B21:D21) -> 145

Sheet ATR-A12_II
A1: ACCIDENTES DE TRABAJO | F1: Volver al índice
A3: ATR-A12. ACCIDENTES DE TRABAJO CON BAJA, IN ITINERE, SEGÚN ANTIGÜEDAD
A4: DEL ACCIDENTADO EN LA EMPRESA
A6: enero-octubre 2024
B8: Leves | C8: Graves | D8: Mortales | E8: TOTAL
A9: TOTAL | B9: =SUM(B11:B28) -> 414 | C9: =SUM(C11:C28) -> 5 | D9: =SUM(D11:D28) -> 1 | E9: =SUM(B9:D9) -> 420
A11: 01.- Menos de 1 mes | B11: 56 | C11: 1 | D11: 0 | E11: =SUM(B11:D11) -> 57
A12: 02.- De 1 a 3 meses | B12: 63 | C12: 0 | D12: 0 | E12: =SUM(B12:D12) -> 63
A13: 03.- De 4 a 6 meses | B13: 34 | C13: 0 | D13: 0 | E13: =SUM(B13:D13) -> 34
A14: 04.- De 7 a 12 meses | B14: 34 | C14: 1 | D14: 0 | E14: =SUM(B14:D14) -> 35
A15: 05.- De 13 meses a 2 años | B15: 49 | C15: 0 | D15: 0 | E15: =SUM(B15:D15) -> 49
A16: 06.- De 2 a 5 años | B16: 59 | C16: 2 | D16: 0 | E16: =SUM(B16:D16) -> 61
A17: 07.- De 5 a 10 años | B17: 47 | C17: 0 | D17: 0 | E17: =SUM(B17:D17) -> 47
A18: 08.- De 10 a 15 años | B18: 13 | C18: 1 | D18: 0 | E18: =SUM(B18:D18) -> 14
A19: 09.- De 15 a 20 años | B19: 20 | C19: 0 | D19: 0 | E19: =SUM(B19:D19) -> 20
A20: 10.- De 20 a 25 años | B20: 20 | C20: 0 | D20: 0 | E20: =SUM(B20:D20) -> 20
A21: 11.- Más de 25 años | B21: 19 | C21: 0 | D21: 1 | E21: =SUM(B21:D21) -> 20

Sheet ATR-A13
A1: ACCIDENTES DE TRABAJO | F1: Volver al índice
A3: ATR-A13. ACCIDENTES DE TRABAJO CON BAJA, EN JORNADA, SEGÚN RELACIÓN LABORAL
A4: DEL ACCIDENTADO
A6: enero-octubre 2024
B8: Leves | C8: Graves | D8: Mortales | E8: TOTAL
A9: TOTAL | B9: =SUM(B11:B34) -> 3642 | C9: =SUM(C11:C34) -> 20 | D9: =SUM(D11:D34) -> 5 | E9: =SUM(B9:D9) -> 3667
A11: Asalariado sector privado | B11: 3129 | C11: 18 | D11: 3 | E11: =SUM(B11:D11) -> 3150
A12: Asalariado sector público | B12: 243 | C12: 0 | D12: 1 | E12: =SUM(B12:D12) -> 244
A13: Autónomo con asalariados | B13: 55 | C13: 0 | D13: 1 | E13: =SUM(B13:D13) -> 56
A14: Autónomo sin asalariados | B14: 199 | C14: 2 | D14: 0 | E14: =SUM(B14:D14) -> 201
A15: No consta | B15: 16 | C15: 0 | D15: 0 | E15: =SUM(B15:D15) -> 16

Sheet ATR-A13_II
A1: ACCIDENTES DE TRABAJO | F1: Volver al índice
A3: ATR-A13. ACCIDENTES DE TRABAJO CON BAJA, IN ITINERE, SEGÚN RELACIÓN LABORAL
A4: DEL ACCIDENTADO
A6: enero-octubre 2024
B8: Leves | C8: Graves | D8: Mortales | E8: TOTAL
A9: TOTAL | B9: =SUM(B11:B36) -> 414 | C9: =SUM(C11:C36) -> 5 | D9: =SUM(D11:D36) -> 1 | E9: =SUM(B9:D9) -> 420
A11: Asalariado sector privado | B11: 358 | C11: 5 | D11: 1 | E11: =SUM(B11:D11) -> 364
A12: Asalariado sector público | B12: 45 | C12: 0 | D12: 0 | E12: =SUM(B12:D12) -> 45
A13: Autónomo con asalariados | B13: 4 | C13: 0 | D13: 0 | E13: =SUM(B13:D13) -> 4
A14: Autónomo sin asalariados | B14: 7 | C14: 0 | D14: 0 | E14: =SUM(B14:D14) -> 7
A15: No consta | B15: 0 | C15: 0 | D15: 0 | E15: =SUM(B15:D15) -> 0

Sheet NOVEDADES
A1: ACCIDENTES DE TRABAJO
A3: NOVEDADES IMPORTANTES EN LOS AVANCES DEL AÑO 2021
A5: A partir del Avance enero 2021 se introduce una novedad importante en relación con los datos por actividad económica. Se deja de considerar el criterio que se venía utilizando históricamente (actividad económica del centro de trabajo donde ha ocurrido el accidente) y se pasa a considerar la actividad económica del centro de trabajo en el que el trabajador está dado de alta en la Seguridad Social. La adopción de este criterio alinea a la estadística española con el estándar europeo. Además, el cálculo de índices de incidencia por actividad económica queda así definido de una manera consistente.

Sheet TAS
A1: Tabla - 1: TIPO DE LUGAR
A2: 000 | B2: Ninguna información
A3: 010 | B3: Zonas industriales - Sin especificar
A4: 011 | B4: Lugar de producción, taller, fábrica
A5: 012 | B5: Área de mantenimiento, taller de reparación
A6: 013 | B6: Áreas destinadas principalmente a almacenamiento, carga, descarga
A7: 019 | B7: Otros Tipos de lugar conocidos del grupo 010, pero no mencionados anteriormente
A8: 020 | B8: Obras, construcción, cantera, mina a cielo abierto - Sin especificar
A9: 021 | B9: Obras - edificio en construcción
A10: 022 | B10: Obras - edificio en demolición, renovación o mantenimiento
A11: 023 | B11: Cantera, mina a cielo abierto, excavación, zanja (incluidas las minas a cielo abierto y la canteras en explotación)
A12: 024 | B12: Obras subterráneas
A13: 025 | B13: Obras en el agua
... A50: 099 | B50: Otros Tipos de lugar conocidos del grupo 090, con excepción de las obras, pero no mencionados anteriormente
A51: 100 | B51: Subterráneos - con excepción de las obras - Sin especificar
A52: 101 | B52: Subterráneos - túneles (carretera, tren, metro, etc.)
A53: 102 | B53: Subterráneos - minas
A54: 103 | B54: Subterráneos - alcantarillas
A55: 109 | B55: Otros Tipos de lugar conocidos del grupo 100, con excepción de las obras, no mencionados anteriormente
A56: 110 | B56: En el agua - con excepción de las obras - Sin especificar
A57: 111 | B57: Mares u océanos - a bordo de todo tipo de navíos, plataformas, buques, barcos, barcazas
A58: 112 | B58: Lagos, ríos, puertos - a bordo de todo tipo de navíos, plataformas, buques, barcos, barcazas
A59: 119 | B59: Otros Tipos de lugar conocidos del grupo 110, con excepción de las obras, pero no mencionados anteriormente
A60: 120 | B60: En medio hiperbárico - con excepción de las obras - Sin especif.
A61: 121 | B61: En medio hiperbárico - bajo el agua (inmersiones, etc.)
A62: 122 | B62: En medio hiperbárico - cámara hiperbárica
... A64: 999 | B64: Otros Tipos de lugar no codificados en esta clasificación
A65: Tabla - 2: TIPO DE TRABAJO
A66: 000 | B66: Ninguna información
A67: 010 | B67: Tareas de producción, transformación, tratamiento, almacenamiento -de todo tipo - Sin especificar
A68: 011 | B68: Producción, transformación, tratamiento - de todo tipo
A69: 012 | B69: Almacenamiento - de todo tipo
A70: 019 | B70: Otros Tipos de trabajo conocidos del grupo 10 pero no mencionados anteriormente
A71: 020 | B71: Labores de movimientos de tierras, construcción, mantenimiento, demolición - Sin especificar
A72: 021 | B72: Movimiento de tierras
A73: 022 | B73: Nueva construcción - edificios
A74: 023 | B74: Nueva construcción - obras de fábrica, infraestructura, carreteras, puentes, presas, puertos
A75: 024 | B75: Renovación, reparación, agregación, mantenimiento - de todo tipo de construcciones
A76: 025 | B76: Demolición de todo tipo de construcciones
A77: 029 | B77: Otros Tipos de trabajo conocidos del grupo 20 pero no mencionados anteriormente
... A101: 099 | B101: Otros Tipos de trabajo no codificados en esta clasificación
A102: Tabla - 3: ACTIVIDAD FÍSICA ESPECÍFICA
A103: 000 | B103: Ninguna información
A104: 010 | B104: Operaciones con máquinas - Sin especificar
A105: 011 | B105: Arrancar la máquina, parar la máquina
A106: 012 | B106: Alimentar la máquina, vaciar la máquina
A107: 013 | B107: Vigilar la máquina, hacer funcionar - conducir la máquina
A108: 019 | B108: Otra actividad física específica conocida del grupo 10 pero no mencionada anteriormente
A109: 020 | B109: Trabajos con herramientas manuales - Sin especificar
A110: 021 | B110: Trabajar con herramientas manuales sin motor
A111: 022 | B111: Trabajar con herramientas manuales con motor
A112: 029 | B112: Otra actividad física específica conocida del grupo 20 pero no mencionada anteriormente
A113: 030 | B113: Conducir/estar a bordo de un medio de transporte - equipo de carga - Sin especificar
A114: 031 | B114: Conducir un medio de transporte o un equipo de carga - móvil y con motor
... A142: 099 | B142: Otra actividad física específica no codificada en esta clasificac.
A143: Tabla - 4: DESVIACIÓN
A144: 000 | B144: Ninguna información
A145: 010 | B145: Desviación por problema eléctrico, explosión, fuego - Sin especificar
A146: 011 | B146: Problema eléctrico causado por fallo en la instalación - que da lugar a un contacto indirecto
A147: 012 | B147: Problema eléctrico - que da lugar a un contacto directo
A148: 013 | B148: Explosión
A149: 014 | B149: Incendio, fuego
A150: 019 | B150: Otra desviación conocida del grupo 10 pero no mencionada anteriormente
A151: 020 | B151: Desviación por desbordamiento, vuelco, escape, derrame, vaporización, emanación - Sin especificar
A152: 021 | B152: En estado de sólido - desbordamiento, vuelco
A153: 022 | B153: En estado líquido - escape, rezumamiento, derrame, salpicadura, aspersión
A154: 023 | B154: En estado gaseoso - vaporización, formación de aerosoles, formación de gases
A155: 024 | B155: Pulverulento - emanación de humos, emisión de polvo, partículas
... A195: 099 | B195: Otra Desviación no codificada en esta clasificación.
A196: Tabla- 5: FORMA CONTACTO
A197: 000 | B197: Ninguna información
A198: 010 | B198: Contacto con corriente eléctrica, fuego, temperatura o sustancias peligrosas - Sin especificar
A199: 011 | B199: Contacto indirecto con un arco eléctrico, rayo (pasivo)
A200: 012 | B200: Contacto directo con la electricidad, recibir una descarga eléctrica en el cuerpo
A201: 013 | B201: Contacto con llamas directas u objetos o entornos - con elevada temperatura o en llamas
A202: 014 | B202: Contacto con objeto o entorno - frío o helado
A203: 015 | B203: Contacto con sustancias peligrosas - a través de la nariz, la boca, por inhalación
A204: 016 | B204: Contacto con sustancias peligrosas - sobre o a través de la piel y de los ojos
A205: 017 | B205: Contacto con sustancias peligrosas - a través del sistema digestivo: tragando o comiendo
A206: 019 | B206: Otro contacto - Tipo de lesión conocido del grupo 10 pero no mencionado anteriormente
A207: 020 | B207: Ahogamiento, quedar sepultado, quedar envuelto - Sin especificar
A208: 021 | B208: Ahogamiento en un líquido
... A246: 099 | B246: Otro contacto - Tipo de lesión no codificado en la presente clasificación
A247: Tabla - 6: PARTE DEL CUERPO LESIONADA
A248: 000 | B248: Parte del cuerpo afectada, sin especificar
A249: 010 | B249: Cabeza, no descrita con más detalle
A250: 011 | B250: Cabeza (Caput), cerebro, nervios craneanos y vasos cerebrales
A251: 012 | B251: Zona facial
A252: 013 | B252: Ojo(s)
A253: 014 | B253: Oreja(s)
A254: 015 | B254: Dientes
A255: 018 | B255: Cabeza, múltiples partes afectadas
A256: 019 | B256: Cabeza, otras partes no mencionadas anteriormente
A257: 020 | B257: Cuello, incluida la columna y las vértebras cervicales
A258: 021 | B258: Cuello, incluida la columna y las vértebras del cuello
A259: 029 | B259: Cuello, otras partes no mencionadas anteriormente
... A288: 099 | B288: Otras partes del cuerpo no mencionadas anteriormente
A289: Tabla - 7: DESCRIPCIÓN DE LA LESIÓN
A290: 0 | B290: Tipo de lesión desconocida o sin especificar | C290: 0 | E290: 000-Tipo de lesión desconocida o sin especificar | J290: 0 | K290: 3 | L290: 0 | M290: 0
A291: 010 | B291: Heridas y lesiones superficiales | E291: 010-Heridas y lesiones superficiales | J291: 11 | K291: 28 | L291: 0 | M291: 0
...

Sheet CNAE09
A1: DESC_SECTOR | B1: COD_CNAE1 | C1: DESC_CNAE1 | D1: COD_CNAE2D | E1: DESC_CNAE2D | G1: COD_CNAE3D | H1: DESC_CNAE3D | I1: COD_CNAE4D | J1: DESC_CNAE4D
A2: Agricultura | B2: A | C2: Agricultura, ganadería, silvicultura y pesca | D2: 01 | E2: Agricultura, ganadería, caza y servicios relacionados con las mismas | F2: 1 | G2: 011 | H2: Cultivos no perennes | I2: 0111 | J2: Cultivo de cereales (excepto arroz), leguminosas y semillas oleaginosas
A3: Industria | B3: B | C3: Industrias extractivas | D3: 02 | E3: Silvicultura y explotación forestal | F3: 2 | G3: 011 | H3: Cultivos no perennes | I3: 0112 | J3: Cultivo de arroz
A4: Industria | B4: C | C4: Industria manufacturera | D4: 03 | E4: Pesca y acuicultura | F4: 3 | G4: 011 | H4: Cultivos no perennes | I4: 0113 | J4: Cultivo de hortalizas, raíces y tubérculos
A5: Industria | B5: D | C5: Suministro de energía eléctrica, gas, vapor y aire acondicionado | D5: 05 | E5: Extracción de antracita, hulla y lignito | F5: 4 | G5: 011 | H5: Cultivos no perennes | I5: 0114 | J5: Cultivo de caña de azúcar
A6: Industria | B6: E | C6: Suministro de agua, actividades de saneamiento, gestión de residuos y descontaminación | D6: 06 | E6: Extracción de crudo de petróleo y gas natural | F6: 5 | G6: 011 | H6: Cultivos no perennes | I6: 0115 | J6: Cultivo de tabaco
A7: Construcción | B7: F | C7: Construcción | D7: 08 | E7: Otras industrias extractivas | F7: 6 | G7: 011 | H7: Cultivos no perennes | I7: 0116 | J7: Cultivo de plantas para fibras textiles
A8: Servicios | B8: E | C8: Comercio al por junior y al por menor; reparación de vehículos de motor y motocicletas | D8: 09 | E8: Actividades de apoyo a las industrias extractivas | F8: 7 | G8: 011 | H8: Cultivos no perennes | I8: 0119 | J8: Otros cultivos no perennes
A9: Servicios | B9: H | C9: Transporte y almacenamiento | D9: 10 | E9: Industria de la alimentación | F9: 8 | G9: 012 | H9: Cultivos perennes | I9: 0121 | J9: Cultivo de la vid
A10: Servicios | B10: I | C10: Hostelería | D10: 11 | E10: Fabricación de bebidas | F10: 9 | G10: 012 | H10: Cultivos perennes | I10: 0122 | J10: Cultivo de frutos tropicales y subtropicales
A11: Servicios | B11: J | C11: Información y comunicaciones | D11: 12 | E11: Industria del tabaco | F11: 10 | G11: 012 | H11: Cultivos perennes | I11: 0123 | J11: Cultivo de cítricos
A12: Servicios | B12: K | C12: Actividades financieras y de seguros | D12: 13 | E12: Industria textil | F12: 11 | G12: 012 | H12: Cultivos perennes | I12: 0124 | J12: Cultivo de frutos con hueso y pepitas
A13: Servicios | B13: L | C13: Actividades inmobiliarias | D13: 14 | E13: Confección de prendas de vestir | F13: 12 | G13: 012 | H13: Cultivos perennes | I13: 0125 | J13: Cultivo de otros árboles y arbustos frutales y frutos secos
... A24: NC | B24: Z | C24: NC | D24: 25 | E24: Fabricación de productos metálicos, excepto maquinaria y equipo | F24: 23 | G24: 014 | H24: Producción ganadera | I24: 0146 | J24: Explotación de ganado porcino
D25: 26 | E25: Fabricación de productos informáticos, electrónicos y ópticos | F25: 24 | G25: 014 | H25: Producción ganadera | I25: 0147 | J25: Avicultura
D26: 27 | E26: Fabricación de material y equipo eléctrico | F26: 25 | G26: 014 | H26: Producción ganadera | I26: 0149 | J26: Otras explotaciones de ganado
D27: 28 | E27: Fabricación de maquinaria y equipo n.c.o.p. | F27: 26 | G27: 015 | H27: Producción agrícola combinada con la producción ganadera | I27: 0150 | J27: Producción agrícola combinada con la producción ganadera
D28: 29 | E28: Fabricación de vehículos de motor, remolques y semirremolques | F28: 27 | G28: 016 | H28: Actividades de apoyo a la agricultura, a la ganadería y de preparación posterior a la cosecha | I28: 0161 | J28: Actividades de apoyo a la agricultura
D29: 30 | E29: Fabricación de otro material de transporte | F29: 29 | G29: 016 | H29: Actividades de apoyo a la agricultura, a la ganadería y de preparación posterior a la cosecha | I29: 0162 | J29: Actividades de apoyo a la ganadería
D30: 31 | E30: Fabricación de muebles | F30: 30 | G30: 016 | H30: Actividades de apoyo a la agricultura, a la ganadería y de preparación posterior a la cosecha | I30: 0163 | J30: Actividades de preparación posterior a la cosecha
D31: 32 | E31: Otras industrias manufactureras | F31: 31 | G31: 016 | H31: Actividades de apoyo a la agricultura, a la ganadería y de preparación posterior a la cosecha | I31: 0164 | J31: Tratamiento de semillas para reproducción
D32: 33 | E32: Reparación e instalación de maquinaria y equipo | F32: 32 | G32: 017 | H32: Caza, captura de animales y servicios relacionados con las mismas | I32: 0170 | J32: Caza, captura de animales y servicios relacionados con las mismas
D33: 35 | E33: Suministro de energía eléctrica, gas, vapor y aire acondicionado | F33: 33 | G33: 021 | H33: Silvicultura y otras actividades forestales | I33: 0210 | J33: Silvicultura y otras actividades forestales
D34: 36 | E34: Captación, depuración y distribución de agua | F34: 34 | G34: 022 | H34: Explotación de la madera | I34: 0220 | J34: Explotación de la madera
D35: 37 | E35: Recogida y tratamiento de aguas residuales | F35: 35 | G35: 023 | H35: Recolección de productos silvestres, excepto madera | I35: 0230 | J35: Recolección de productos silvestres, excepto madera
D36: 38 | E36: Recogida, tratamiento y eliminación de residuos; valorización | F36: 36 | G36: 024 | H36: Servicios de apoyo a la silvicultura | I36: 0240 | J36: Servicios de apoyo a la silvicultura
... D59: 60 | E59: Actividades de programación y emisión de radio y televisión | F59: 61 | G59: 102 | H59: Procesado y conservación de pescados, crustáceos y moluscos | I59: 1021 | J59: Procesado de pescados, crustáceos y moluscos
D60: 61 | E60: Telecomunicaciones | G60: 102 | H60: Procesado y conservación de pescados, crustáceos y moluscos | I60: 1022 | J60: Fabricación de conservas de pescado
D61: 62 | E61: Programación, consultoría y otras actividades relacionadas con la informática | G61: 103 | H61: Procesado y conservación de frutas y hortalizas | I61: 1031 | J61: Procesado y conservación de patatas
B62: A | C62: Agricultura, ganadería, silvicultura y pesca | D62: 63 | E62: Servicios de información | G62: 103 | H62: Procesado y conservación de frutas y hortalizas | I62: 1032 | J62: Elaboración de zumos de frutas y hortalizas
B63: B | C63: Industrias extractivas | D63: 64 | E63: Servicios financieros, excepto seguros y fondos de pensiones | G63: 103 | H63: Procesado y conservación de frutas y hortalizas | I63: 1039 | J63: Otro procesado y conservación de frutas y hortalizas
B64: C | C64: Industria manufacturera | D64: 65 | E64: Seguros, reaseguros y fondos de pensiones, excepto Seguridad Social obligatoria | G64: 104 | H64: Fabricación de aceites y grasas vegetales y animales | I64: 1042 | J64: Fabricación de margarina y grasas comestibles similares
B65: D | C65: Suministro de energía eléctrica, gas, vapor y aire acondicionado | D65: 66 | E65: Actividades auxiliares a los servicios financieros y a los seguros | G65: 104 | H65: Fabricación de aceites y grasas vegetales y animales | I65: 1043 | J65: Fabricación de aceite de oliva
B66: E | C66: Suministro de agua, actividades de saneamiento, gestión de residuos y descontaminación | D66: 68 | E66: Actividades inmobiliarias | G66: 104 | H66: Fabricación de aceites y grasas vegetales y animales | I66: 1044 | J66: Fabricación de otros aceites y grasas
B67: F | C67: Construcción | D67: 69 | E67: Actividades jurídicas y de contabilidad | G67: 105 | H67: Fabricación de productos lácteos | I67: 1052 | J67: Elaboración de helados
B68: E | C68: Comercio al por junior y al por menor; reparación de vehículos de motor y motocicletas | D68: 70 | E68: Actividades de las sedes centrales; actividades de consultoría de gestión empresarial | G68: 105 | H68: Fabricación de productos lácteos | I68: 1053 | J68: Fabricación de quesos
B69: H | C69: Transporte y almacenamiento | D69: 71 | E69: Servicios técnicos de arquitectura e ingeniería; ensayos y análisis técnicos | G69: 105 | H69: Fabricación de productos lácteos | I69: 1054 | J69: Preparación de leche y otros productos lácteos
B70: I | C70: Hostelería | D70: 72 | E70: Investigación y desarrollo | G70: 106 | H70: Fabricación de productos de molinería, almidones y productos amiláceos | I70: 1061 | J70: Fabricación de productos de molinería
B71: J | C71: Información y comunicaciones | D71: 73 | E71: Publicidad y estudios de mercado | G71: 106 | H71: Fabricación de productos de molinería, almidones y productos amiláceos | I71: 1062 | J71: Fabricación de almidones y productos amiláceos
B72: K | C72: Actividades financieras y de seguros | D72: 74 | E72: Otras actividades profesionales, científicas y técnicas | G72: 107 | H72: Fabricación de productos de panadería y pastas alimenticias | I72: 1071 | J72: Fabricación de pan y de productos frescos de panadería y pastelería
B73: L | C73: Actividades inmobiliarias | D73: 75 | E73: Actividades veterinarias | G73: 107 | H73: Fabricación de productos de panadería y pastas alimenticias | I73: 1072 | J73: Fabricación de galletas y productos de panadería y pastelería de larga duración
... B84: Z | C84: NC | D84: 88 | E84: Actividades de servicios sociales sin alojamiento | G84: 110 | H84: Fabricación de bebidas | I84: 1101 | J84: Destilación, rectificación y mezcla de bebidas alcohólicas
D85: 90 | E85: Actividades de creación, artísticas y espectáculos | G85: 110 | H85: Fabricación de bebidas | I85: 1102 | J85: Elaboración de vinos
D86: 91 | E86: Actividades de bibliotecas, archivos, museos y otras actividades culturales | G86: 110 | H86: Fabricación de bebidas | I86: 1103 | J86: Elaboración de sidra y otras bebidas fermentadas a partir de frutas
D87: 92 | E87: Actividades de juegos de azar y apuestas | G87: 110 | H87: Fabricación de bebidas | I87: 1104 | J87: Elaboración de otras bebidas no destiladas, procedentes de la fermentación
D88: 93 | E88: Actividades deportivas, recreativas y de entretenimiento | G88: 110 | H88: Fabricación de bebidas | I88: 1105 | J88: Fabricación de cerveza
D89: 94 | E89: Actividades asociativas | G89: 110 | H89: Fabricación de bebidas | I89: 1106 | J89: Fabricación de malta
D90: 96 | E90: Otros servicios personales | G90: 110 | H90: Fabricación de bebidas | I90: 1107 | J90: Fabricación de bebidas no alcohólicas; producción de aguas minerales y otras aguas embotelladas
D91: 97 | E91: Actividades de los hogares como empleadores de personal doméstico | G91: 120 | H91: Industria del tabaco | I91: 1200 | J91: Industria del tabaco
D92: 98 | E92: Actividades de los hogares como productores de bienes y servicios para uso propio | G92: 131 | H92: Preparación e hilado de fibras textiles | I92: 1310 | J92: Preparación e hilado de fibras textiles
D93: 99 | E93: Actividades de organizaciones y organismos extraterritoriales | G93: 132 | H93: Fabricación de tejidos textiles | I93: 1320 | J93: Fabricación de tejidos textiles
D94: 00 | E94: Sin actividad económica | G94: 133 | H94: Acabado de textiles | I94: 1330 | J94: Acabado de textiles
D95: 100 | E95: NC | G95: 139 | H95: Fabricación de otros productos textiles | I95: 1391 | J95: Fabricación de tejidos de punto
G96: 139 | H96: Fabricación de otros productos textiles | I96: 1392 | J96: Fabricación de artículos confeccionados con textiles, excepto prendas de vestir
G97: 139 | H97: Fabricación de otros productos textiles | I97: 1393 | J97: Fabricación de alfombras y moquetas
G98: 139 | H98: Fabricación de otros productos textiles | I98: 1394 | J98: Fabricación de cuerdas, cordeles, bramantes y redes
G99: 139 | H99: Fabricación de otros productos textiles | I99: 1395 | J99: Fabricación de telas no tejidas y artículos confeccionados con ellas, excepto prendas de vestir
G100: 139 | H100: Fabricación de otros productos textiles | I100: 1396 | J100: Fabricación de otros productos textiles de uso técnico e industrial
G101: 139 | H101: Fabricación de otros productos textiles | I101: 1399 | J101: Fabricación de otros productos textiles n.c.o.p.
G102: 141 | H102: Confección de prendas de vestir, excepto de peletería | I102: 1411 | J102: Confección de prendas de vestir de cuero
G103: 141 | H103: Confección de prendas de vestir, excepto de peletería | I103: 1412 | J103: Confección de ropa de trabajo
G104: 141 | H104: Confección de prendas de vestir, excepto de peletería | I104: 1413 | J104: Confección de otras prendas de vestir exteriores
G105: 141 | H105: Confección de prendas de vestir, excepto de peletería | I105: 1414 | J105: Confección de ropa interior
G106: 141 | H106: Confección de prendas de vestir, excepto de peletería | I106: 1419 | J106: Confección de otras prendas de vestir y accesorios
G107: 142 | H107: Fabricación de artículos de peletería | I107: 1420 | J107: Fabricación de artículos de peletería
... G632: 999 | H632: NC | I632: 9999 | J632: NC

Sheet CNO11
A1: 1 | B1: Directores y gerentes
A2: A | B2: Directores y gerentes
A3: 11 | B3: Miembros del poder ejecutivo y de los cuerpos legislativos; directivos de la Administración Pública y organizaciones de interés social; directores ejecutivos
A4: 111 | B4: Miembros del poder ejecutivo y de los cuerpos legislativos; directivos de la Administración Pública y organizaciones de interés social
A5: 1111 | B5: Miembros del poder ejecutivo (nacional, autonómico y local) y del poder legislativo
A6: 1112 | B6: Personal directivo de la Administración Pública
A7: 1113 | B7: Directores de organizaciones de interés social
A8: 112 | B8: Directores generales y presidentes ejecutivos
A9: 1120 | B9: Directores generales y presidentes ejecutivos
A10: 12 | B10: Directores de departamentos administrativos y comerciales
A11: 121 | B11: Directores de departamentos administrativos
A12: 1211 | B12: Directores financieros
A13: 1212 | B13: Directores de recursos humanos
A14: 1219 | B14: Directores de políticas y planificación y de otros departamentos administrativos no clasificados bajo otros epígrafes
A15: 122 | B15: Directores comerciales, de publicidad, relaciones públicas y de investigación y desarrollo
A16: 1221 | B16: Directores comerciales y de ventas
A17: 1222 | B17: Directores de publicidad y relaciones públicas
A18: 1223 | B18: Directores de investigación y desarrollo
A19: 13 | B19: Directores de producción y operaciones
... A26: 1316 | B26: Directores de empresas de construcción
A27: 132 | B27: Directores de servicios de tecnologías de la información y las comunicaciones (TIC) y de empresas de servicios profesionales
A28: 1321 | B28: Directores de servicios de tecnologías de la información y las comunicaciones (TIC)
A29: 1322 | B29: Directores de servicios sociales para niños
A30: 1323 | B30: Directores-gerentes de centros sanitarios
A31: 1324 | B31: Directores de servicios sociales para personas juniores
A32: 1325 | B32: Directores de otros servicios sociales
A33: 1326 | B33: Directores de servicios de educación
A34: 1327 | B34: Directores de sucursales de bancos, de servicios financieros y de seguros
A35: 1329 | B35: Directores de otras empresas de servicios profesionales no clasificados bajo otros epígrafes
A36: 14 | B36: Directores y gerentes de empresas de alojamiento, restauración y comercio
A37: 141 | B37: Directores y gerentes de empresas de alojamiento
A38: 1411 | B38: Directores y gerentes de hoteles
A39: 1419 | B39: Directores y gerentes de otras empresas de servicios de alojamiento
... A42: 1422 | B42: Directores y gerentes de bares, cafeterías y similares
A43: 1429 | B43: Directores y gerentes de empresas de catering y otras empresas de restauración
A44: 143 | B44: Directores y gerentes de empresas de comercio al por junior y al por menor
A45: 1431 | B45: Directores y gerentes de empresas de comercio al por junior
A46: 1432 | B46: Directores y gerentes de empresas de comercio al por menor
A47: 15 | B47: Directores y gerentes de otras empresas de servicios no clasificados bajo otros epígrafes
A48: 150 | B48: Directores y gerentes de otras empresas de servicios no clasificados bajo otros epígrafes
A49: 1501 | B49: Directores y gerentes de empresas de actividades recreativas, culturales y deportivas
A50: 1509 | B50: Directores y gerentes de empresas de gestión de residuos y de otras empresas de servicios no clasificados bajo otros epígrafes
A51: 2 | B51: Técnicos y profesionales científicos e intelectuales
A52: B | B52: Técnicos y profesionales científicos e intelectuales de la salud y la enseñanza
A53: 21 | B53: Profesionales de la salud
A54: 211 | B54: Médicos
A55: 2111 | B55: Médicos de familia
A56: 2112 | B56: Otros médicos especialistas
A57: 212 | B57: Profesionales de enfermería y partería
A58: 2121 | B58: Enfermeros no especializados
A59: 2122 | B59: Enfermeros especializados (excepto matronos)
A60: 2123 | B60: Matronos
A61: 213 | B61: Veterinarios
A62: 2130 | B62: Veterinarios
A63: 214 | B63: Farmacéuticos
A64: 2140 | B64: Farmacéuticos
A65: 215 | B65: Otros profesionales de la salud
A66: 2151 | B66: Odontólogos y estomatólogos
A67: 2152 | B67: Fisioterapeutas
A68: 2153 | B68: Dietistas y nutricionistas
A69: 2154 | B69: Logopedas
A70: 2155 | B70: Ópticos-optometristas
A71: 2156 | B71: Terapeutas ocupacionales
A72: 2157 | B72: Podólogos
... A74: 2159 | B74: Profesionales de la salud no clasificados bajo otros epígrafes
A75: 22 | B75: Profesionales de la enseñanza infantil, primaria, secundaria y postsecundaria
A76: 221 | B76: Profesores de universidades y otra enseñanza superior (excepto formación profesional)
A77: 2210 | B77: Profesores de universidades y otra enseñanza superior (excepto formación profesional)
A78: 222 | B78: Profesores de formación profesional (materias específicas)
A79: 2220 | B79: Profesores de formación profesional (materias específicas)
A80: 223 | B80: Profesores de enseñanza secundaria (excepto materias específicas de formación profesional)
A81: 2230 | B81: Profesores de enseñanza secundaria (excepto materias específicas de formación profesional)
A82: 224 | B82: Profesores de enseñanza primaria
A83: 2240 | B83: Profesores de enseñanza primaria
A84: 225 | B84: Maestros y educadores de enseñanza infantil
A85: 2251 | B85: Maestros de educación infantil
A86: 2252 | B86: Técnicos en educación infantil
A87: 23 | B87: Otros profesionales de la enseñanza
A88: 231 | B88: Profesores y técnicos de educación especial
A89: 2311 | B89: Profesores de educación especial
... A99: C | B99: Otros técnicos y profesionales científicos e intelectuales
A100: 24 | B100: Profesionales de la ciencias físicas, químicas, matemáticas y de las ingenierías
A101: 241 | B101: Físicos, químicos, matemáticos y afines
A102: 2411 | B102: Físicos y astrónomos
A103: 2412 | B103: Meteorólogos
A104: 2413 | B104: Químicos
A105: 2414 | B105: Geólogos y geofísicos
A106: 2415 | B106: Matemáticos y actuarios
A107: 2416 | B107: Estadísticos
A108: 242 | B108: Profesionales en ciencias naturales
A109: 2421 | B109: Biólogos, botánicos, zoólogos y afines
A110: 2422 | B110: Ingenieros agrónomos
A111: 2423 | B111: Ingenieros de montes
... A217: 2939 | B217: Artistas creativos e interpretativos no clasificados bajo otros epígrafes
A218: 3 | B218: Técnicos; profesionales de apoyo
A219: D | B219: Técnicos; profesionales de apoyo
A220: 31 | B220: Técnicos de las ciencias y de las ingenierías
A221: 311 | B221: Delineantes y dibujantes técnicos
A222: 3110 | B222: Delineantes y dibujantes técnicos
A223: 312 | B223: Técnicos de las ciencias físicas, químicas, medioambientales y de las ingenierías
...

Sheet ATR-FN
A1: ACCIDENTES DE TRABAJO
A3: FUENTES Y NOTAS EXPLICATIVAS
A5: Fuentes de información:
A6: La información de accidentes de trabajo procede de la explotación mensual que efectúan conjuntamente el Observatorio de Accidentes de Trabajo y Enfermedades Profesionales de La Rioja y el Instituto Riojano de Estadística de los partes de accidentes de trabajo notificados a través del sistema Delt@ en nuestra comunidad autónoma.
A7: Los datos que se ofrecen son provisionales de avance de los datos que se incluirán en la publicación anual "Análisis de la siniestralidad laboral en La Rioja" que se incorporarán en su día a la página web www.larioja.org/irsal
A8: Notas generales:
A9: Para los casos de accidentes de trabajo con baja, se contabilizan los casos de accidentes cuya fecha de baja está comprendida dentro del periodo de referencia. Se excluyen aquellas notificaciones de accidente que tienen la consideración de recaídas, que se tratan siempre por separado. Los datos sobre recaídas se incluyen únicamente en las publicaciones anuales de datos definitivos.
A10: Según el lugar de ocurrencia de los accidentes de trabajo, éstos pueden tener lugar durante la jornada laboral (ya sea en el propio centro donde el trabajador está afiliado a la Seguridad Social, en otro centro de trabajo o en desplazamiento) o al ir o volver del trabajo (accidentes in itinere).
A11: Según el dictamen facultativo, que figura en el parte médico de baja, los accidentes se clasifican según su gravedad en leves, graves (incluidos los muy graves) y mortales.
A12: Se consideran accidentes mortales todos los fallecimientos a consecuencia del accidente de trabajo en el plazo de un año desde la fecha del accidente, independientemente de la gravedad inicial.
A13: Las tablas de la presente publicación se dividen en los siguientes apartados:
B14: - CUADROS RESUMEN Principales datos y comparativa con los resultados obtenidos en el mismo periodo del año anterior. - ACCIDENTES DE TRABAJO CON BAJA, EN JORNADA E IN ITINERE, SEGÚN GRAVEDAD Tablas de datos desglosados por las principales variables: comunidad autónoma y provincia (para total, asalariados y trabajadores por cuenta propia); sector, sección y división de actividad económica (para total, asalariados y trabajadores por cuenta propia); sexo y edad de la víctima; grandes grupos de ocupación; tipo de lugar donde se encontraba el trabajador accidentado; actividad física específica que realizaba la víctima; desviación que desencadenó el accidente; forma o contacto que produjo la lesión; descripción de la lesión y parte del cuerpo lesionada. - ACCIDENTES DE TRABAJO CON BAJA, SEGÚN SECCIÓN DE ACTIVIDAD ECONÓMICA Tablas de datos de totales de accidentes en jornada cruzando las variables sección de actividad económica y provincia. - ÍNDICES DE INCIDENCIA DE ACCIDENTES DE TRABAJO EN JORNADA Índices de incidencia por comunidad autónoma y provincia, sector y sección de actividad económica (para total, asalariados y trabajadores por cuenta propia).
A16: Notas a distintos cuadros:
A17: ATR-R1, ATR-R2, ATR-I1, ATR-I2 y ATR-I3 (cálculo de índices de incidencia): Para el cálculo de los índices de incidencia se utiliza la siguiente fórmula:
A19: atr = Son los accidentes de trabajo ocurridos durante el periodo de referencia dividido entre el número de meses del periodo de referencia afi = Es la suma de trabajadores afiliados a la Seguridad Social con la contingencia de accidentes de trabajo específicamente cubierta, calculada con los datos de afiliación a ultimo día del mes para el periodo de referencia, dividido entre el número de meses del periodo de referencia.
A20: Para el periodo enero-diciembre no se ofrece el índice de incidencia mensual sino el índice de incidencia anual. En este caso el numerador es el número de accidentes de trabajo ocurridos durante el año, siendo el denominador la suma de los datos de afiliación a último día del mes de enero a diciembre, dividiéndose esta suma entre 12.
A21: Los trabajadores afiliados a la Seguridad Social con la contingencia de accidente de trabajo específicamente cubierta pertenecen a los siguientes regímenes de la Seguridad Social:
B22: - Régimen General de la Seguridad Social (cobertura obligatoria), incluidos los trabajadores en periodos de actividad del Sistema Especial para Trabajadores por Cuenta Ajena Agrarios y los trabajadores del Sistema Especial para Empleados de Hogar. No se contabilizan: los afiliados en periodos de inactividad del Sistema Especial para Trabajadores por Cuenta Ajena Agrarios; los funcionarios afiliados al Régimen General de la Seguridad Social afectados por la disposición adicional tercera del texto refundido de la Ley General de la Seguridad Social aprobado por el Real Decreto Legislativo 8/2015, de 30 de noviembre, debido a que la cobertura de la incapacidad temporal por contingencias profesionales de este colectivo corresponde a las mutualidades de funcionarios (MUFACE, ISFAS y MUGEJU); y los cuidadores no profesionales de personas en situación de dependencia. - Régimen Especial de la Minería del Carbón (cobertura obligatoria). - Régimen Especial de Trabajadores del Mar (cobertura obligatoria). - Régimen Especial de Trabajadores Autónomos (RETA) (cobertura obligatoria salvo excepciones): Desde el año 2019, la cobertura es obligatoria con carácter general en este régimen. No obstante, permanecen excepciones donde la cobertura siguen siendo voluntaria, que son los trabajadores incluidos en el Sistema Especial para Trabajadores por Cuenta Propia Agrarios (SETA) y los religiosos de la Iglesia Católica cuya afiliación a la Seguridad Social corresponda en el RETA.
A23: ATR-A5, ATR-A6, ATR-A7, ATR-A8, ATR-A9 y ATR-A10 (causas y circunstancias de los accidentes): Estos cuadros clasifican la información según las variables sobre causas y circunstancias que ocurrieron en el accidente de trabajo. La inclusión de estas variables de causas y circunstancias responde, por una parte, a la necesidad de conocer cómo se producen los accidentes y, por otra, a las necesidades de armonización de las estadísticas en el ámbito de la Unión Europea establecidas por la Oficina Estadística de la UE (EUROSTAT) y a las recomendaciones de la OIT. Los códigos utilizados son los establecidos por dicha Oficina. Estas variables son las siguientes:
B24: - Tipo de lugar (ATR-A5): Entorno general o del local de trabajo en el que se encontraba el trabajador inmediatamente antes de producirse el accidente. - Actividad física específica (ATR-A6): Actividad concreta que realizaba la víctima inmediatamente antes de producirse el accidente. Por ejemplo, desplazamiento por la obra, manipular un objeto, etc. - Desviación (ATR-A7): Suceso o hecho anormal que ha interferido negativamente en el proceso normal de ejecución del trabajo y que ha dado lugar a que se produzca el accidente. Por ejemplo, desprendimiento o caída de objetos, bloqueo de una máquina, caída de herramienta manual de corte, etc. - Forma o contacto que ocasionó la lesión (ATR-A8): Modo en que el trabajador ha resultado lesionado. Por ejemplo, caídas, contacto con herramienta manual cortante, etc. Se han incluido los accidentes de tráfico como un epígrafe más de la clasificación, dadas las especiales características de estos accidentes. - Descripción de la lesión (ATR-A9): Tipo de lesión sufrida por el accidentado, según conste en el parte médico de baja. - Parte del cuerpo lesionada (ATR-A10): Parte del cuerpo afectada por la lesión sufrida por la víctima.
A26: Clasificaciones estadísticas de actividad económica y ocupación utilizadas:
B27: - CLASIFICACIÓN NACIONAL DE ACTIVIDADES ECONÓMICAS (CNAE-2009): Vigente desde 1 de enero de 2009, según establece el Real Decreto 475/2007, de 13 de abril. - CLASIFICACIÓN NACIONAL DE OCUPACIONES (CNO-2011): Vigente desde 1 de enero de 2011, según establece el Real Decreto 1591/2010, de 26 de noviembre.
B28: Puede obtener información acerca de estas clasificaciones en la página web del Instituto Nacional de Estadística (www.ine.es)
